Workbook
Name А1: #REF!
Name А1: #REF!
Name А1: #REF!
Name А1: #REF!
Name А1: #REF!
Name Выбор_1.1: 'Показатель 4.2'!$C$5:$C$6
Name Выбор_1.1: 'Показатель 3.1'!$C$5:$C$7
Name Выбор_1.2: 'Показатель 3.3'!$C$5:$C$6
Name Выбор_1.2: 'Показатель 4.1'!$C$5:$C$6
Name Выбор_1.2: 'Показатель 3.2'!$C$5:$C$7
Name Выбор_1.3: #REF!
Name Выбор_1.3: #REF!
Name Выбор_1.3: #REF!
Name Выбор_1.3: #REF!
Name Выбор_1.3: #REF!
Name Выбор_4.1: #REF!
Name Выбор_4.1: #REF!
Name Выбор_4.1: #REF!
Name Выбор_4.1: #REF!
Name Выбор_4.1: #REF!
Name Выбор_4.2: '[1]Показатель 4.2'!$C$5:$C$8
Name Выбор_4.3: '[1]Показатель 4.3'!$C$5:$C$7
Name Выбор_4.4: '[1]Показатель 4.4'!$C$6:$C$8
Name Выбор1.1: #REF!
Name Выбор1.1: #REF!
Name Выбор1.1: #REF!
Name Выбор1.1: #REF!
Name Выбор1.1: #REF!
Name Да_нет: #REF!
Name Да_нет: #REF!
Name Да_нет: #REF!
Name Да_нет: #REF!
Name Да_нет: #REF!
Name Коэфициент: [1]Параметры!$C$3:$C$4
Name Формат: Параметры!$C$3:$C$4

Sheet Оценка (Этап I-II) 
A1: Оценка муниципальных образований по I - II этапам
A2: Календарный период | B2: 2016 год
A3: Наименование муниципального образования Саратовской обалсти | B3: Итого по I- II этапам | C3: Итого по II этапу | D3: Итого по I этапу
A4: Единица измерения | B4: баллов | C4: баллов | D4: баллов
A5: Максимальный балл | B5: =C5+D5 -> 20 | C5: 10 | D5: 10
A6: Городские округа
A7: г. Саратов | B7: =C7+D7 -> 7.75 | C7: ='Оценка (Этап II)'!B7 -> 3.75 | D7: 4
A8: ЗАТО Михайловское | B8: =C8+D8 -> 3 | C8: ='Оценка (Этап II)'!B8 -> 1 | D8: 2
A9: ЗАТО Светлый | B9: =C9+D9 -> 4.75 | C9: ='Оценка (Этап II)'!B9 -> 2.75 | D9: 2
A10: ЗАТО Шиханы | B10: =C10+D10 -> 4.5 | C10: ='Оценка (Этап II)'!B10 -> 4.5 | D10: 0
A11: Муниципальные районы
A12: Александрово-Гайский | B12: =C12+D12 -> 4.75 | C12: ='Оценка (Этап II)'!B12 -> 0.75 | D12: 4
A13: Аркадакский | B13: =C13+D13 -> 5 | C13: ='Оценка (Этап II)'!B13 -> 0 | D13: 5
A14: Аткарский | B14: =C14+D14 -> 4.75 | C14: ='Оценка (Этап II)'!B14 -> 0.75 | D14: 4
A15: Базарно-Карабулакский | B15: =C15+D15 -> 6.75 | C15: ='Оценка (Этап II)'!B15 -> 2.75 | D15: 4
A16: Балаковский | B16: =C16+D16 -> 13 | C16: ='Оценка (Этап II)'!B16 -> 6 | D16: 7
A17: Балашовский | B17: =C17+D17 -> 4.25 | C17: ='Оценка (Этап II)'!B17 -> 0.25 | D17: 4
A18: Балтайский | B18: =C18+D18 -> 4 | C18: ='Оценка (Этап II)'!B18 -> 0 | D18: 4
A19: Вольский | B19: =C19+D19 -> 4 | C19: ='Оценка (Этап II)'!B19 -> 2 | D19: 2
A20: Воскресенский | B20: =C20+D20 -> 3.5 | C20: ='Оценка (Этап II)'!B20 -> 0.5 | D20: 3
A21: Дергачевский | B21: =C21+D21 -> 8.5 | C21: ='Оценка (Этап II)'!B21 -> 5.5 | D21: 3
A22: Духовницкий | B22: =C22+D22 -> 5.5 | C22: ='Оценка (Этап II)'!B22 -> 0.5 | D22: 5
A23: Екатериновский | B23: =C23+D23 -> 2.25 | C23: ='Оценка (Этап II)'!B23 -> 0.25 | D23: 2
... A49: Энгельсский | B49: =C49+D49 -> 9.25 | C49: ='Оценка (Этап II)'!B49 -> 3.25 | D49: 6

Sheet Оценка (Этап II)
A1: Оценка муниципальных образований по II этапу «Годовой отчет об исполнении бюджета муниципального образования»
A2: Календарный период | B2: 2016 год
A3: Наименование муниципального образования Саратовской обалсти | B3: Итого по II этапу | C3: ='Показатель 3.1'!A1 -> 3.1. Проект решения об исполнении бюджета муниципального образования | D3: ='Показатель 3.2'!A1 -> 3.2. Опубликование бюджета для граждан, разработанного на основе решения об исполнении бюджета муниципального образования за отчетный финансовый год , на портале (сайте) | E3: ='Показатель 3.3'!A1 -> 3.3. Опубликование заключение контрольно-счетного органа муниципального образования на годовой отчет об исполнении бюджета муниципального образования за отчетный финансовый год на портале (сайте) | F3: ='Показатель 4.1'!A1 -> 4.1. Информационное сообщение для граждан о проведении публичных слушаний по годовому отчету об исполнении бюджета муниципального образования за отчетный финансовый год на портале (сайте) | G3: ='Показатель 4.2'!A1 -> 4.2. Проведение публичных слушаний по годовому отчету об исполнении бюджета муниципального образования за отчетный финансовый год
A4: Единица измерения | B4: баллов | C4: баллов | D4: баллов | E4: баллов | F4: баллов | G4: баллов
A5: Максимальный балл | B5: =SUM(C5:G5) -> 10 | C5: ='Методика II этап'!C8 -> 4 | D5: ='Методика II этап'!C13 -> 3 | E5: 1 | F5: 1 | G5: 1
A6: Городские округа
A7: г. Саратов | B7: =SUM(C7:G7) -> 3.75 | C7: ='Показатель 3.1'!J9 -> 1 | D7: ='Показатель 3.2'!H10 -> 1 | E7: ='Показатель 3.3'!J8 -> 0.25 | F7: ='Показатель 4.1'!H8 -> 0.5 | G7: ='Показатель 4.2'!J8 -> 1
A8: ЗАТО Михайловское | B8: =SUM(C8:G8) -> 1 | C8: ='Показатель 3.1'!J10 -> 0 | D8: ='Показатель 3.2'!H11 -> 0 | E8: ='Показатель 3.3'!J9 -> 1 | F8: ='Показатель 4.1'!H9 -> 0 | G8: ='Показатель 4.2'!J9 -> 0
A9: ЗАТО Светлый | B9: =SUM(C9:G9) -> 2.75 | C9: ='Показатель 3.1'!J11 -> 2 | D9: ='Показатель 3.2'!H12 -> 0 | E9: ='Показатель 3.3'!J10 -> 0.5 | F9: ='Показатель 4.1'!H10 -> 0 | G9: ='Показатель 4.2'!J10 -> 0.25
A10: ЗАТО Шиханы | B10: =SUM(C10:G10) -> 4.5 | C10: ='Показатель 3.1'!J12 -> 4 | D10: ='Показатель 3.2'!H13 -> 0 | E10: ='Показатель 3.3'!J11 -> 0.5 | F10: ='Показатель 4.1'!H11 -> 0 | G10: ='Показатель 4.2'!J11 -> 0
A11: Муниципальные районы
A12: Александрово-Гайский | B12: =SUM(C12:G12) -> 0.75 | C12: ='Показатель 3.1'!J14 -> 0 | D12: ='Показатель 3.2'!H15 -> 0 | E12: ='Показатель 3.3'!J13 -> 0.5 | F12: ='Показатель 4.1'!H13 -> 0 | G12: ='Показатель 4.2'!J13 -> 0.25
A13: Аркадакский | B13: =SUM(C13:G13) -> 0 | C13: ='Показатель 3.1'!J15 -> 0 | D13: ='Показатель 3.2'!H16 -> 0 | E13: ='Показатель 3.3'!J14 -> 0 | F13: ='Показатель 4.1'!H14 -> 0 | G13: ='Показатель 4.2'!J14 -> 0
A14: Аткарский | B14: =SUM(C14:G14) -> 0.75 | C14: ='Показатель 3.1'!J16 -> 0 | D14: ='Показатель 3.2'!H17 -> 0 | E14: ='Показатель 3.3'!J15 -> 0.5 | F14: ='Показатель 4.1'!H15 -> 0 | G14: ='Показатель 4.2'!J15 -> 0.25
A15: Базарно-Карабулакский | B15: =SUM(C15:G15) -> 2.75 | C15: ='Показатель 3.1'!J17 -> 2 | D15: ='Показатель 3.2'!H18 -> 0 | E15: ='Показатель 3.3'!J16 -> 0.5 | F15: ='Показатель 4.1'!H16 -> 0 | G15: ='Показатель 4.2'!J16 -> 0.25
A16: Балаковский | B16: =SUM(C16:G16) -> 6 | C16: ='Показатель 3.1'!J18 -> 2 | D16: ='Показатель 3.2'!H19 -> 3 | E16: ='Показатель 3.3'!J17 -> 1 | F16: ='Показатель 4.1'!H17 -> 0 | G16: ='Показатель 4.2'!J17 -> 0
A17: Балашовский | B17: =SUM(C17:G17) -> 0.25 | C17: ='Показатель 3.1'!J19 -> 0 | D17: ='Показатель 3.2'!H20 -> 0 | E17: ='Показатель 3.3'!J18 -> 0 | F17: ='Показатель 4.1'!H18 -> 0 | G17: ='Показатель 4.2'!J18 -> 0.25
A18: Балтайский | B18: =SUM(C18:G18) -> 0 | C18: ='Показатель 3.1'!J20 -> 0 | D18: ='Показатель 3.2'!H21 -> 0 | E18: ='Показатель 3.3'!J19 -> 0 | F18: ='Показатель 4.1'!H19 -> 0 | G18: ='Показатель 4.2'!J19 -> 0
A19: Вольский | B19: =SUM(C19:G19) -> 2 | C19: ='Показатель 3.1'!J21 -> 2 | D19: ='Показатель 3.2'!H22 -> 0 | E19: ='Показатель 3.3'!J20 -> 0 | F19: ='Показатель 4.1'!H20 -> 0 | G19: ='Показатель 4.2'!J20 -> 0
A20: Воскресенский | B20: =SUM(C20:G20) -> 0.5 | C20: ='Показатель 3.1'!J22 -> 0 | D20: ='Показатель 3.2'!H23 -> 0 | E20: ='Показатель 3.3'!J21 -> 0.5 | F20: ='Показатель 4.1'!H21 -> 0 | G20: ='Показатель 4.2'!J21 -> 0
A21: Дергачевский | B21: =SUM(C21:G21) -> 5.5 | C21: ='Показатель 3.1'!J23 -> 4 | D21: ='Показатель 3.2'!H24 -> 0 | E21: ='Показатель 3.3'!J22 -> 1 | F21: ='Показатель 4.1'!H22 -> 0 | G21: ='Показатель 4.2'!J22 -> 0.5
A22: Духовницкий | B22: =SUM(C22:G22) -> 0.5 | C22: ='Показатель 3.1'!J24 -> 0 | D22: ='Показатель 3.2'!H25 -> 0 | E22: ='Показатель 3.3'!J23 -> 0.5 | F22: ='Показатель 4.1'!H23 -> 0 | G22: ='Показатель 4.2'!J23 -> 0
A23: Екатериновский | B23: =SUM(C23:G23) -> 0.25 | C23: ='Показатель 3.1'!J25 -> 0 | D23: ='Показатель 3.2'!H26 -> 0 | E23: ='Показатель 3.3'!J24 -> 0 | F23: ='Показатель 4.1'!H24 -> 0 | G23: ='Показатель 4.2'!J24 -> 0.25
... A49: Энгельсский | B49: =SUM(C49:G49) -> 3.25 | C49: ='Показатель 3.1'!J51 -> 2 | D49: ='Показатель 3.2'!H52 -> 1 | E49: ='Показатель 3.3'!J50 -> 0 | F49: ='Показатель 4.1'!H50 -> 0 | G49: ='Показатель 4.2'!J50 -> 0.25

Sheet Методика II этап
A1: II этап. Годовой отчет об исполнении бюджета муниципального образования
A3: № п/п | B3: Вопросы и варианты ответов | C3: Баллы
A5: 3. | B5: Годовой отчет об исполнении бюджета муниципального образования | C5: =C8+C13+C19 -> 8
A6: 3.1 | B6: Опубликование проекта решения об исполнении бюджета муниципального образования за отчетный финансовый год на портале (сайте)
B7: В целях оценки показателя учитывается публикация проекта решения об исполнении бюджета в полном объеме, включая текстовую часть и все приложения к нему. Публикация отдельных составляющих в целях оценки показателя не учитывается. Проект решения об исполнении бюджета и материалы к нему должны быть опубликованы в течение 10 рабочих дней после внесения проекта решения в представительный орган муниципального образования и сохраняться не менее трех лет. При нарушении указанного срока применяется понижающий коэффициент за несоблюдение сроков обеспечения доступа к бюджетным данным. В случае, если в установленный срок документ не размещен, оценка показателя принимает значение 0 баллов.
B8: Опубликован в структурированном виде с указанием полных или кратких наименований всех составляющих | C8: 4
B9: Опубликован, но не в структурированном виде и (или) без указания полных или кратких наименований всех составляющих | C9: 2
B10: Не опубликован | C10: 0
A11: 3.2 | B11: Опубликование бюджета для граждан, разработанного на основе решения об исполнении бюджета муниципального образования за отчетный финансовый год, на портале (сайте)
B12: В целях оценки показателя учитывается публикация информации в виде брошюр (презентаций), либо в виде отдельных сведений, опубликованных на портале (сайте). В том числе, должна быть представлена следующая информация: 1) сведения о прогнозируемых и фактических значениях основных показателей социально- экономического развития муниципального образования за отчетный финансовый год (в том числе,сведения о показателях, характеризующих объемы производства, численность и состав населения и т.д.); 2) исполнение плана по доходам в разрезе видов доходов с объяснениями причин отклонения (в случае их наличия); 3)исполнение плана по расходам по разделам и подразделам классификации расходов бюджета с объяснениями причин отклонения (в случае их наличия); 4) сведения о реализуемых в отчетном финансовом году муниципальных программах и достигнутых показателях в увязке с объемами бюджетных расходов, направленных на их достижение; 5) сведения о выполнении обязательств по финансированию социально-значимых проектов за счет бюджета муниципального образования за отчетный финансовый год; 6) сведения об объеме муниципального долга по состоянию на начало и на конец отчетного года; 7) контактная информациядля обратной связи с гражданами. Бюджет для граждан, разработанный на основе решения об исполнении бюджета, должен быть опубликован в течение 10 рабочих дней после принятия решения об исполнении бюджета муниципального образования и сохраняться не менее трех лет При нарушении указанного срока применяется понижающий коэффициент за несоблюдение сроков обеспечения доступа к бюджетным данным. В случае, если в установленный срок документ не размещен, оценка показателя принимает значение 0 баллов.
B13: Опубликован и содержит информацию по всем ключевым элементам | C13: 3
B14: Опубликован и содержит информацию по пяти и более ключевым элементам | C14: 2
B15: Опубликован и содержит информацию по трем и более ключевым элементам | C15: 1
B16: Не опубликован или содержит информацию менее чем по трем ключевым элементам | C16: 0
A17: 3.3 | B17: Опубликование заключения контрольно-счетного органа муниципального образования на годовой отчет об исполнении бюджета муниципального образования за отчетный финансовый год на портале (сайте)
B18: В целях оценки показателя учитывается официальный документ, подписанный уполномоченным должностным лицом. В указанном документе должны быть указаны: а) должность, фамилия и инициалы лица, подписавшего документ, б) дата подписания документа.
B19: Опубликовано | C19: 1
B20: Не опубликовано или не отвечает требованиям | C20: 0
A21: 4. | B21: Общественное участие | C21: =C24+C28 -> 2
A22: 4.1 | B22: Опубликование информационного сообщения для граждан о проведении публичных слушаний по годовому отчету об исполнении бюджета за отчетный финансовый год на портале (сайте)
B23: В составе информационных сообщений о проведении публичных слушаний в обязательном порядке должны быть указаны дата, время, место и порядок их проведения. Если указанные сведения представлены частично, оценка показателя принимает значение 0 баллов. В случае, если в установленный срок в информационном сообщении ссылка (адрес) на раздел (страницу) портала (сайта), где опубликованы указанные материалы, отсутствует, а также если по указанной ссылке (адресу) проект решения об исполнении бюджета за отчетный год не опубликован, оценка показателя принимает значение 0 баллов. Информационное сообщение о проведении публичных слушаний по годовому отчету должно быть опубликовано не позднее, чем за пять рабочих дней до дня проведения публичных слушаний. При нарушении указанного срока применяется понижающий коэффициент за несоблюдение сроков обеспечения доступа к бюджетным данным. В случае, если в установленный срок документ не размещен, оценка показателя принимает значение 0 баллов.
B24: Опубликовано и содержит информацию о том, где можно ознакомиться с проектом решения об исполнении бюджета за отчетный год | C24: 1
B25: Не опубликовано, или публичные слушания не проводились, или не отвечает требованиям | C25: 0
A26: 4.2 | B26: Проведение публичных слушаний по годовому отчету об исполнении бюджета муниципального образования за отчетный финансовый год и опубликование в составе материалов к проекту решения об исполнении бюджета муниципального образования за отчетный финансовый год итогового документа (решения/протокола), принятого по результатам публичных слушаний, на портале (сайте)
B27: В целях оценки показателя учитывается официальный документ (решение/протокол), принятый по итогам публичных слушаний или общественного обсуждения и подписанный уполномоченным должностным лицом. Указанный документ должен быть опубликован не позднее 10 рабочих дней после проведения публичных слушаний и сохраняться не менее трех лет. При нарушении указанного срока применяется понижающий коэффициент за несоблюдение сроков обеспечения доступа к бюджетным данным. В случае, если в установленный срок документ не размещен, оценка показателя принимает значение 0 баллов.
B28: Публичные слушания проводились, и в составе материалов к проекту решения об исполнении бюджета муниципального образования за отчетный финансовый год опубликован итоговый документ (решение/протокол), принятый по результатам публичных слушаний | C28: 1
B29: Публичные слушания не проводились, или не опубликован итоговый документ (решение/протокол), принятый по результатам публичных слушаний | C29: 0
B30: Итого баллов на II этапе | C30: =C5+C21 -> 10

Sheet Показатель 3.1
A1: 3.1. Проект решения об исполнении бюджета муниципального образования
A2: Комментарий:
A3: ='Методика II этап'!B7 -> В целях оценки показателя учитывается публикация проекта решения об исполнении бюджета в полном объеме, включая текстовую часть и все приложения к нему. Публикация отдельных составляющих в целях оценки показателя не учитывается. Проект решения об исполнении бюджета и материалы к нему должны быть опубликованы в течение 10 рабочих дней после внесения проекта решения в представительный орган муниципального образования и сохраняться не менее трех лет. При нарушении указанного срока применяется понижающий коэффициент за несоблюдение сроков обеспечения доступа к бюджетным данным. В случае, если в установленный срок документ не размещен, оценка показателя принимает значение 0 баллов.
A4: № п/п | B4: Вопрос | C4: ='Методика II этап'!B6 -> Опубликование проекта решения об исполнении бюджета муниципального образования за отчетный финансовый год на портале (сайте) | D4: Формат | E4: Доступность (указать, если возникли трудности с поиском документа, если переход осуществляется более, чем за 5 «кликов» с основной страницы портала (сайта), если название раздела не соответствует содержанию) | F4: Оценка показателя 3.1 | K4: Ссылка на источник данных | L4: Комментарии
B5: Варианты ответов | C5: ='Методика II этап'!B8 -> Опубликован в структурированном виде с указанием полных или кратких наименований всех составляющих | D5: Word, Excel, PDF | F5: баллы | G5: понижающие коэффициенты | J5: Итого
C6: ='Методика II этап'!B9 -> Опубликован, но не в структурированном виде и (или) без указания полных или кратких наименований всех составляющих | G6: графический формат | H6: затруднен-ный поиск | I6: несоблюде-ние сроков
C7: ='Методика II этап'!B10 -> Не опубликован
B8: Городские округа
A9: 1 | B9: г. Саратов | C9: Опубликован, но не в структурированном виде и (или) без указания полных или кратких наименований всех составляющих | D9: Word | E9: 6 кликов до документа, лишняя папка в архиве | F9: =IF(C9=$C$5,4,IF(C9=$C$6,2,0)) -> 2 | H9: 0.5 | J9: =F9*(1-G9)*(1-H9)*(1-I9) -> 1 | K9: http://saratovmer.ru/budget/rubrics/5/1265.html | L9: Не указаны названия приложений в архиве.
A10: 2 | B10: ЗАТО Михайловское | C10: Не опубликован | F10: =IF(C10=$C$5,4,IF(C10=$C$6,2,0)) -> 0 | J10: =F10*(1-G10)*(1-H10)*(1-I10) -> 0 | K10: http://mihailovski.ru/?mod=article&id=3168 | L10: В целях оценки показателя учитывается публикация проекта решения об исполнении бюджета в полном объеме, включая текстовую часть и все приложения к нему. На сайте опубликовано решение № 284 «Об утверждении отчета об исполнении бюджета ЗАТО Михайловский за 2015 год».
A11: 3 | B11: ЗАТО Светлый | C11: Опубликован, но не в структурированном виде и (или) без указания полных или кратких наименований всех составляющих | D11: Word | F11: =IF(C11=$C$5,4,IF(C11=$C$6,2,0)) -> 2 | J11: =F11*(1-G11)*(1-H11)*(1-I11) -> 2 | K11: http://zatosvetly.ru/city/economics_amp_finance/byudzhet-gorodskogo-okruga/informatsiya-ob-ispolnenii-byudzheta-gorodskogo-okruga-zato-svetlyy/2015/index.php?ELEMENT_ID=8475 | L11: Скачать можно только приложения.
A12: 4 | B12: ЗАТО Шиханы | C12: Опубликован в структурированном виде с указанием полных или кратких наименований всех составляющих | D12: Word | F12: =IF(C12=$C$5,4,IF(C12=$C$6,2,0)) -> 4 | J12: =F12*(1-G12)*(1-H12)*(1-I12) -> 4 | K12: http://zatoshihany.ru/regulatory/bills/ | L12: Раздел не структурирован по годам.
B13: Муниципальные районы
A14: 5 | B14: Александрово-Гайский | C14: Не опубликован | F14: =IF(C14=$C$5,4,IF(C14=$C$6,2,0)) -> 0 | J14: =F14*(1-G14)*(1-H14)*(1-I14) -> 0 | K14: http://algay.sarmo.ru/byudzhet-ekonomika-finansy/byudzhet-dokumenty.php | L14: В целях оценки показателя учитывается публикация проекта решения об исполнении бюджета в полном объеме, включая текстовую часть и все приложения к нему. На сайте информация не опубликована.
A15: 6 | B15: Аркадакский | C15: Не опубликован | F15: =IF(C15=$C$5,4,IF(C15=$C$6,2,0)) -> 0 | J15: =F15*(1-G15)*(1-H15)*(1-I15) -> 0 | K15: http://arkadak.sarmo.ru/index.php?option=com_content&view=article&id=828 | L15: В целях оценки показателя учитывается публикация проекта решения об исполнении бюджета в полном объеме, включая текстовую часть и все приложения к нему. На сайте опубликовано решение № 63-375 «О проекте отчета об исполнении бюджета Аркадакского муниципального района за 2015 год».
A16: 7 | B16: Аткарский | C16: Не опубликован | F16: =IF(C16=$C$5,4,IF(C16=$C$6,2,0)) -> 0 | J16: =F16*(1-G16)*(1-H16)*(1-I16) -> 0 | K16: http://proatkarsk.ru/CityArticles.aspx?articleid=3304 | L16: В целях оценки показателя учитывается публикация проекта решения об исполнении бюджета в полном объеме, включая текстовую часть и все приложения к нему.
A17: 8 | B17: Базарно-Карабулакский | C17: Опубликован в структурированном виде с указанием полных или кратких наименований всех составляющих | D17: Word | E17: 7 кликов до документа, лишняя папка в архиве | F17: =IF(C17=$C$5,4,IF(C17=$C$6,2,0)) -> 4 | H17: 0.5 | J17: =F17*(1-G17)*(1-H17)*(1-I17) -> 2 | K17: http://bkarabulak.sarmo.ru/index.php?option=com_content&view=article&id=5687&Itemid=328
A18: 9 | B18: Балаковский | C18: Опубликован, но не в структурированном виде и (или) без указания полных или кратких наименований всех составляющих | D18: Word | F18: =IF(C18=$C$5,4,IF(C18=$C$6,2,0)) -> 2 | J18: =F18*(1-G18)*(1-H18)*(1-I18) -> 2 | K18: http://www.admbal.ru/page/ispolnenie-byudzheta-bmr | L18: Приложения 1-4 указаны без наименований, дополнительная информация к проекту не отделена от проекта.
A19: 10 | B19: Балашовский | C19: Не опубликован | F19: =IF(C19=$C$5,4,IF(C19=$C$6,2,0)) -> 0 | J19: =F19*(1-G19)*(1-H19)*(1-I19) -> 0 | K19: http://www.baladmin.ru/meeting/docs/ | L19: Проекта решения об исполнении бюджета муниципального образования за отчетный финансовый год не обнаружено, только само решение не в структурированном ввиде. В разделе много неструктурированной информации, не удобно искать необходимую.
A20: 11 | B20: Балтайский | C20: Не опубликован | F20: =IF(C20=$C$5,4,IF(C20=$C$6,2,0)) -> 0 | J20: =F20*(1-G20)*(1-H20)*(1-I20) -> 0 | K20: http://adm-baltay.ru/sobranie-deputatov/normativno-pravovyie-aktyi-sobraniya-deputatov/2016-2/ | L20: По указанной ссылке (http://adm-baltay.ru/sobranie-deputatov/nor mativno-pravovyie-aktyi-sobraniya-deputatov/2016-2/) документы не найдены. Решение № 77 не является проектом.
A21: 12 | B21: Вольский | C21: Опубликован, но не в структурированном виде и (или) без указания полных или кратких наименований всех составляющих | D21: Word | F21: =IF(C21=$C$5,4,IF(C21=$C$6,2,0)) -> 2 | J21: =F21*(1-G21)*(1-H21)*(1-I21) -> 2 | K21: http://volskms.ru/%d0%bf%d1%80%d0%be%d0%b5%d0%ba%d1%82%d1%8b-%d0%bc%d1%83%d0%bd%d0%b8%d1%86%d0%b8%d0%bf%d0%b0%d0%bb%d1%8c%d0%bd%d1%8b%d1%85-%d0%bd%d0%be%d1%80%d0%bc%d0%b0%d1%82%d0%b8%d0%b2%d0%bd%d0%be-%d0%bf%d1%80/ | L21: Обратите внимание: в следующий раз присылать конкретную ссылку на страницу, где находится документ. Пришлось его поискать!
A22: 13 | B22: Воскресенский | C22: Не опубликован | F22: =IF(C22=$C$5,4,IF(C22=$C$6,2,0)) -> 0 | J22: =F22*(1-G22)*(1-H22)*(1-I22) -> 0 | K22: http://voskresensk64.ru/meeting/mun-sobranie/documents/index.php | L22: Опубликовано решение, а не проект. Раздел не структурирован по годам.
A23: 14 | B23: Дергачевский | C23: Опубликован в структурированном виде с указанием полных или кратких наименований всех составляющих | D23: Word, Excel | E23: Лишняя папка в архиве. | F23: =IF(C23=$C$5,4,IF(C23=$C$6,2,0)) -> 4 | J23: =F23*(1-G23)*(1-H23)*(1-I23) -> 4 | K23: http://dergachi.sarmo.ru/sobranie-dergachevskogo-munitsipalnogo-rayona/proekty-sobraniya-dergachevskogo-munitsipalnogo-rayona/
A24: 15 | B24: Духовницкий | C24: Не опубликован | F24: =IF(C24=$C$5,4,IF(C24=$C$6,2,0)) -> 0 | J24: =F24*(1-G24)*(1-H24)*(1-I24) -> 0
A25: 16 | B25: Екатериновский | C25: Не опубликован | F25: =IF(C25=$C$5,4,IF(C25=$C$6,2,0)) -> 0 | J25: =F25*(1-G25)*(1-H25)*(1-I25) -> 0 | K25: ekaterinovka.sarmo.ru/upload/medialibrary/1cf/1cf3a977ffe55471ec526ff1e454c89a.doc | L25: Обратите внимание: в следующий раз присылать конкретную ссылку на страницу, где находится документ. В целях оценки показателя учитывается публикация проекта решения об исполнении бюджета в полном объеме, включая текстовую часть и все приложения к нему. На сайте опубликовано решение № 66-395 «О проекте решения «Об утверждении отчета об исполнении бюджета Екатериновского муниципального района за 2015год» .
A26: 17 | B26: Ершовский | C26: Не опубликован | F26: =IF(C26=$C$5,4,IF(C26=$C$6,2,0)) -> 0 | J26: =F26*(1-G26)*(1-H26)*(1-I26) -> 0 | K26: http://ershov.sarmo.ru/raion-sobr/resheniya/ | L26: В целях оценки показателя учитывается публикация проекта решения об исполнении бюджета в полном объеме, включая текстовую часть и все приложения к нему. На сайте опубликовано решение № 40-236 «Об утверждении отчета об исполнении бюджета Ершовского муниципального района за 2015 год».
A27: 18 | B27: Ивантеевский | C27: Опубликован, но не в структурированном виде и (или) без указания полных или кратких наименований всех составляющих | D27: Word | F27: =IF(C27=$C$5,4,IF(C27=$C$6,2,0)) -> 2 | J27: =F27*(1-G27)*(1-H27)*(1-I27) -> 2 | K27: http://ivanteevka.sarmo.ru/byudzhet-dlya-grazhdan/proekt-byudzheta-dlya-grazhdan/proekt-resheniya-ob-ispolnenii-byudzheta-za-2015-god/ | L27: Приложения указаны без наименований, нет возможности скачать текстовую часть проекта.
A28: 19 | B28: Калининский | C28: Опубликован в структурированном виде с указанием полных или кратких наименований всех составляющих | D28: Word | F28: =IF(C28=$C$5,4,IF(C28=$C$6,2,0)) -> 4 | J28: =F28*(1-G28)*(1-H28)*(1-I28) -> 4 | K28: http://kalininsk.sarmo.ru/predstavitelnyy-organ-munitsipalnogo-rayona/dokumenty-normativnye-akty/ | L28: Раздел не структурирован по годам.
A29: 20 | B29: Красноармейский | C29: Не опубликован | F29: =IF(C29=$C$5,4,IF(C29=$C$6,2,0)) -> 0 | J29: =F29*(1-G29)*(1-H29)*(1-I29) -> 0 | K29: http://krasnoarmeysk.sarmo.ru/krasnoarmeyskiy-rayon/byudzhet/reshenie-ob-ispolnenii-byudzheta-krasnoarmeyskogo-munitsipalnogo-rayona/ | L29: В целях оценки показателя учитывается публикация проекта решения об исполнении бюджета в полном объеме, включая текстовую часть и все приложения к нему. На сайте опубликовано решение № 33 «Об исполнении бюджета Красноармейского муниципального района за 2015 год».
A30: 21 | B30: Краснокутский | C30: Опубликован, но не в структурированном виде и (или) без указания полных или кратких наименований всех составляющих | D30: Word | E30: 6 кликов до документа | F30: =IF(C30=$C$5,4,IF(C30=$C$6,2,0)) -> 2 | H30: 0.5 | J30: =F30*(1-G30)*(1-H30)*(1-I30) -> 1 | K30: http://krasny-kut.ru/municipal_noe_sobranie/oficial_nye_dokumenty/proekty_reshenij_sobraniya_deputatov/ | L30: Затруднен поиск, все проекты решений сгруппированы в архивах по месяцам (папка апрель).
A31: 22 | B31: Краснопартизанский | C31: Опубликован, но не в структурированном виде и (или) без указания полных или кратких наименований всех составляющих | D31: Word | F31: =IF(C31=$C$5,4,IF(C31=$C$6,2,0)) -> 2 | J31: =F31*(1-G31)*(1-H31)*(1-I31) -> 2 | K31: http://gornyi.sarmo.ru/index.php?option=com_content&view=article&id=1013:2014-04-02-05-58-02&catid=34:%D0%9E%D1%81%D0%BD%D0%BE%D0%B2%D0%BD%D0%B0%D1%8F%20%D0%BA%D0%B0%D1%82%D0%B5%D0%B3%D0%BE%D1%80%D0%B8%D1%8F
A32: 23 | B32: Лысогорский | C32: Опубликован, но не в структурированном виде и (или) без указания полных или кратких наименований всех составляющих | D32: Word | F32: =IF(C32=$C$5,4,IF(C32=$C$6,2,0)) -> 2 | J32: =F32*(1-G32)*(1-H32)*(1-I32) -> 2 | K32: http://adm.lysyegory.ru/base/2476-proekt-reshenija-ob-ispolnenii-byudzheta-municipalnogo-raiona-za-2015-god.html
A33: 24 | B33: Марксовский | C33: Опубликован в структурированном виде с указанием полных или кратких наименований всех составляющих | D33: Word, Excel | F33: =IF(C33=$C$5,4,IF(C33=$C$6,2,0)) -> 4 | J33: =F33*(1-G33)*(1-H33)*(1-I33) -> 4 | K33: http://marksadm.ru/icp-b.html
A34: 25 | B34: Новобурасский | C34: Не опубликован | F34: =IF(C34=$C$5,4,IF(C34=$C$6,2,0)) -> 0 | J34: =F34*(1-G34)*(1-H34)*(1-I34) -> 0 | K34: http://admnburasy.ru/budget.html | L34: В целях оценки показателя учитывается публикация проекта решения об исполнении бюджета в полном объеме, включая текстовую часть и все приложения к нему. На сайте опубликовано решение № 352 «Об исполнении бюджета Новобурасского муниципального района за 2015 год». Обратите внимание: в следующий раз присылать конкретную ссылку на страницу, где находится документ. Раздел не структурирован.
A35: 26 | B35: Новоузенский | C35: Не опубликован | F35: =IF(C35=$C$5,4,IF(C35=$C$6,2,0)) -> 0 | J35: =F35*(1-G35)*(1-H35)*(1-I35) -> 0 | K35: http://www.novouzensk.ru/sobranie/sobr/akty/ | L35: В целях оценки показателя учитывается публикация проекта решения об исполнении бюджета в полном объеме, включая текстовую часть и все приложения к нему. По данной ссылке опубликованы решения Собрания Новоузенского МР, причем без названия, что затрудняет поиск нужного пользователю.
A36: 27 | B36: Озинский | C36: Опубликован в структурированном виде с указанием полных или кратких наименований всех составляющих | D36: Word | E36: 6 кликов до документа, лишние папки в архиве | F36: =IF(C36=$C$5,4,IF(C36=$C$6,2,0)) -> 4 | H36: 0.5 | J36: =F36*(1-G36)*(1-H36)*(1-I36) -> 2 | K36: http://ozinki.sarmo.ru/byudzhet/byudzhet-munitsipalnogo-rayona.php | L36: Раздел не структурирован по годам.
A37: 28 | B37: Перелюбский | C37: Не опубликован | F37: =IF(C37=$C$5,4,IF(C37=$C$6,2,0)) -> 0 | J37: =F37*(1-G37)*(1-H37)*(1-I37) -> 0 | K37: http://perelyub.sarmo.ru/index.php?option=com_content&view=category&layout=blog&id=72&Itemid=244 | L37: В целях оценки показателя учитывается публикация проекта решения об исполнении бюджета в полном объеме, включая текстовую часть и все приложения к нему. На сайте опубликовано решение №7 п.1 «Об утверждении годового отчета за 2015 год».
A38: 29 | B38: Петровский | C38: Опубликован в структурированном виде с указанием полных или кратких наименований всех составляющих | D38: Web, Pdf | F38: =IF(C38=$C$5,4,IF(C38=$C$6,2,0)) -> 4 | J38: =F38*(1-G38)*(1-H38)*(1-I38) -> 4 | K38: http://petrovsk64.ru/sub-org/fin-upr/otkrytyy-byudzhet/otchetnost/proekt-resheniya-ob-ispolnenii-byudzheta-munitsipalnogo-rayona/
A39: 30 | B39: Питерский | C39: Опубликован, но не в структурированном виде и (или) без указания полных или кратких наименований всех составляющих | D39: Word | F39: =IF(C39=$C$5,4,IF(C39=$C$6,2,0)) -> 2 | J39: =F39*(1-G39)*(1-H39)*(1-I39) -> 2 | K39: http://piterka.sarmo.ru/byudzhet-piterskogo-mr/ispolnenie-mestnogo-byudzheta/
A40: 31 | B40: Пугачевский | C40: Опубликован, но не в структурированном виде и (или) без указания полных или кратких наименований всех составляющих | D40: Word | E40: В разделе «Новостная лента» | F40: =IF(C40=$C$5,4,IF(C40=$C$6,2,0)) -> 2 | H40: 0.5 | J40: =F40*(1-G40)*(1-H40)*(1-I40) -> 1 | K40: http://pugachev-adm.ru/19-aprelya-v-administratsii-pugachevskogo-munitsipalnogo-rayona-sostoyatsya-publichnyie-slushaniya.html#more-15685 | L40: На предоставленной ссылке http://pugachev-adm.ru/ekonomika-rayona/byudzhet-rayona документ не найден. Документ обнаружен прикрепленным к сообщению о проведении публичных слушаний.
A41: 32 | B41: Ровенский | C41: Опубликован в структурированном виде с указанием полных или кратких наименований всех составляющих | D41: Word, Excel | F41: =IF(C41=$C$5,4,IF(C41=$C$6,2,0)) -> 4 | J41: =F41*(1-G41)*(1-H41)*(1-I41) -> 4 | K41: http://rovnoe.sarmo.ru/sobranie-amr/publichnye-slushaniya/
A42: 33 | B42: Романовский | C42: Не опубликован | F42: =IF(C42=$C$5,4,IF(C42=$C$6,2,0)) -> 0 | J42: =F42*(1-G42)*(1-H42)*(1-I42) -> 0 | K42: http://romanovka.sarmo.ru/byudzhet-dlya-grazhdan/byudzhet-romanovskogo-munitsipalnogo-rayona/godovoy-otchet/ | L42: В целях оценки показателя учитывается публикация проекта решения об исполнении бюджета в полном объеме, включая текстовую часть и все приложения к нему. На сайте опубликовано решение № 331 «Об утверждении отчета об исполнении бюджета Романовского муниципального района за 2015 год».
A43: 34 | B43: Ртищевский | C43: Опубликован, но не в структурированном виде и (или) без указания полных или кратких наименований всех составляющих | D43: Word | F43: =IF(C43=$C$5,4,IF(C43=$C$6,2,0)) -> 2 | J43: =F43*(1-G43)*(1-H43)*(1-I43) -> 2 | K43: http://rtishevo.sarmo.ru/finansovyy-organ/rtishchevskiy-munitsipalnyy-rayon/2016-god/informatsiya-ob-ispolnenii-byudzheta-munitsipalnogo-rayona.php
A44: 35 | B44: Самойловский | C44: Опубликован, но не в структурированном виде и (или) без указания полных или кратких наименований всех составляющих | D44: Word | F44: =IF(C44=$C$5,4,IF(C44=$C$6,2,0)) -> 2 | J44: =F44*(1-G44)*(1-H44)*(1-I44) -> 2 | K44: http://sam64.ru/index.php?option=com_content&view=article&id=149&Itemid=87 | L44: В составе постановления № 17 «О вынесении на публичные слушания проекта решения Муниципального Собрания «Об утверждении отчета об исполнении бюджета Самойловского муниципального района Саратовской области за 2015 год». Обратите внимание: в следующий раз присылать конкретную ссылку на страницу, где находится документ(много лишних ссылок).
A45: 36 | B45: Саратовский | C45: Опубликован, но не в структурированном виде и (или) без указания полных или кратких наименований всех составляющих | D45: Web, Word,Excel | F45: =IF(C45=$C$5,4,IF(C45=$C$6,2,0)) -> 2 | J45: =F45*(1-G45)*(1-H45)*(1-I45) -> 2 | K45: http://saratov.sarmo.ru/index.php?option=com_content&view=article&id=5087&Itemid=514 | L45: Приложения - листы в двух Excel-файлах, доступны только при скачивании, в Web формате - приложения не опубликованы.
A46: 37 | B46: Советский | C46: Не опубликован | F46: =IF(C46=$C$5,4,IF(C46=$C$6,2,0)) -> 0 | J46: =F46*(1-G46)*(1-H46)*(1-I46) -> 0 | K46: http://stepnoeadm.ru/?page_id=292 | L46: В целях оценки показателя учитывается публикация проекта решения об исполнении бюджета в полном объеме, включая текстовую часть и все приложения к нему. На сайте опубликовано решение № 671 «О проекте решения Муниципального Собрания Советского муниципального района «Об утверждении отчета об исполнении местного бюджета муниципального района за 2015 год».
A47: 38 | B47: Татищевский | C47: Опубликован, но не в структурированном виде и (или) без указания полных или кратких наименований всех составляющих | D47: Word | E47: Нет возможности проследить цепочку перехода с главной страницы. | F47: =IF(C47=$C$5,4,IF(C47=$C$6,2,0)) -> 2 | J47: =F47*(1-G47)*(1-H47)*(1-I47) -> 2 | K47: http://tatishevo.saratov.gov.ru/index.php?option=com_content&view=article&id=3184:-----l-------------2015-r&catid=64:2009-12-20-17-44-19&Itemid=91
A48: 39 | B48: Турковский | C48: Не опубликован | F48: =IF(C48=$C$5,4,IF(C48=$C$6,2,0)) -> 0 | J48: =F48*(1-G48)*(1-H48)*(1-I48) -> 0 | K48: http://turki.sarmo.ru/sobranie-deputatov-turkovskogo-munitsipalnogo-rayona/dokumenty/resheniya-sobraniya-deputatov/2016/ | L48: В целях оценки показателя учитывается публикация проекта решения об исполнении бюджета в полном объеме, включая текстовую часть и все приложения к нему. По данной ссылке опубликованы решения Собрания депутатов Турковского МР, причем без названия м в архивах, что затрудняет поиск нужного пользователю.
A49: 40 | B49: Федоровский | C49: Опубликован, но не в структурированном виде и (или) без указания полных или кратких наименований всех составляющих | D49: Word, Excel | E49: Раздел называется «контроль», хотя с главной страницы переход через раздел «бюджет». | F49: =IF(C49=$C$5,4,IF(C49=$C$6,2,0)) -> 2 | H49: 0.5 | J49: =F49*(1-G49)*(1-H49)*(1-I49) -> 1 | K49: http://mokrous.fedrayon.ru/index.php?option=com_content&view=article&id=291&Itemid=285 | L49: Документ найден как составная часть архива под названием «Распоряжение №64-р от 05.04.2016 года «О вынесении на публичные слушания отчета об исполнении бюджета Федоровского муниципального района за 2015 год». Слишком много информации на одной страниц! Раздел не структурирован.
A50: 41 | B50: Хвалынский | C50: Опубликован, но не в структурированном виде и (или) без указания полных или кратких наименований всех составляющих | D50: Word | F50: =IF(C50=$C$5,4,IF(C50=$C$6,2,0)) -> 2 | J50: =F50*(1-G50)*(1-H50)*(1-I50) -> 2 | K50: http://hvalynsk.sarmo.ru/administratsiya-khvalynskogo-munitsipalnogo-rayona/byudzhet/ | L50: Раздел не структурирован.
A51: 42 | B51: Энгельсский | C51: Опубликован, но не в структурированном виде и (или) без указания полных или кратких наименований всех составляющих | D51: Web, Excel | F51: =IF(C51=$C$5,4,IF(C51=$C$6,2,0)) -> 2 | J51: =F51*(1-G51)*(1-H51)*(1-I51) -> 2 | K51: http://www.engels-city.ru/pravakts-100037/proektsersd | L51: Скачать можно только приложения. У приложений 1 и 4 отсутствуют названия.

Sheet Показатель 3.2
A1: 3.2. Опубликование бюджета для граждан, разработанного на основе решения об исполнении бюджета муниципального образования за отчетный финансовый год , на портале (сайте)
A2: Комментарий:
A3: ='Методика II этап'!B12 -> В целях оценки показателя учитывается публикация информации в виде брошюр (презентаций), либо в виде отдельных сведений, опубликованных на портале (сайте). В том числе, должна быть представлена следующая информация: 1) сведения о прогнозируемых и фактических значениях основных показателей социально- экономического развития муниципального образования за отчетный финансовый год (в том числе,сведения о показателях, характеризующих объемы производства, численность и состав населения и т.д.); 2) исполнение плана по доходам в разрезе видов доходов с объяснениями причин отклонения (в случае их наличия); 3)исполнение плана по расходам по разделам и подразделам классификации расходов бюджета с объяснениями причин отклонения (в случае их наличия); 4) сведения о реализуемых в отчетном финансовом году муниципальных программах и достигнутых показателях в увязке с объемами бюджетных расходов, направленных на их достижение; 5) сведения о выполнении обязательств по финансированию социально-значимых проектов за счет бюджета муниципального образования за отчетный финансовый год; 6) сведения об объеме муниципального долга по состоянию на начало и на конец отчетного года; 7) контактная информациядля обратной связи с гражданами. Бюджет для граждан, разработанный на основе решения об исполнении бюджета, должен быть опубликован в течение 10 рабочих дней после принятия решения об исполнении бюджета муниципального образования и сохраняться не менее трех лет При нарушении указанного срока применяется понижающий коэффициент за несоблюдение сроков обеспечения доступа к бюджетным данным. В случае, если в установленный срок документ не размещен, оценка показателя принимает значение 0 баллов.
A4: № п/п | B4: Наименование муниципального образования Саратовской обалсти | C4: ='Методика II этап'!B11 -> Опубликование бюджета для граждан, разработанного на основе решения об исполнении бюджета муниципального образования за отчетный финансовый год, на портале (сайте) | D4: Доступность (указать, если возникли трудности с поиском документа, если переход осуществляется более, чем за 5 «кликов» с основной страницы портала (сайта), если название раздела не соответствует содержанию) | E4: Оценка показателя 3.2 | I4: Ссылка на источник данных | J4: Комментарии
B5: Варианты ответов | C5: ='Методика II этап'!B13 -> Опубликован и содержит информацию по всем ключевым элементам | E5: баллы | F5: понижающие коэффициенты | H5: Итого
C6: ='Методика II этап'!B14 -> Опубликован и содержит информацию по пяти и более ключевым элементам | F6: затруднен-ный поиск | G6: несоблюде-ние сроков
C7: ='Методика II этап'!B15 -> Опубликован и содержит информацию по трем и более ключевым элементам
C8: ='Методика II этап'!B16 -> Не опубликован или содержит информацию менее чем по трем ключевым элементам
B9: Городские округа
A10: 1 | B10: г. Саратов | C10: Опубликован и содержит информацию по трем и более ключевым элементам | E10: =IF(C10=$C$5,3,IF(C10=$C$6,2,IF(C10=$C$7,1,0))) -> 1 | H10: =E10*(1-F10)*(1-G10) -> 1 | I10: http://saratovmer.ru/budget/rubrics/6/1267.html | J10: Отсутствует пункты: 1,6,7, пункт 4 не соответствует (отсутствуют плановые значения, нет показателей).
A11: 2 | B11: ЗАТО Михайловское | C11: Не опубликован или содержит информацию менее чем по трем ключевым элементам | D11: Раздел «Информация»,а не в разделе «Бюджет». | E11: =IF(C11=$C$5,3,IF(C11=$C$6,2,IF(C11=$C$7,1,0))) -> 0 | F11: 0.5 | H11: =E11*(1-F11)*(1-G11) -> 0 | I11: http://mihailovski.ru/?mod=article&id=3096 | J11: Отсутствуют пункты 4-6; пункт 1 не соответствует (отсутствуют показатели, характеризующие объемы производства, численность и состав населения), пункт 2 и 3 не соответствуют (отсутствуют причины отклонения исполнения от плановых значений).
A12: 3 | B12: ЗАТО Светлый | C12: Не опубликован или содержит информацию менее чем по трем ключевым элементам | E12: =IF(C12=$C$5,3,IF(C12=$C$6,2,IF(C12=$C$7,1,0))) -> 0 | H12: =E12*(1-F12)*(1-G12) -> 0 | I12: http://zatosvetly.ru/city/economics_amp_finance/byudzhet-gorodskogo-okruga/byudzhet-dlya-grazhdan/ | J12: Отсутствуют пункты 1, 4, 5; пункт 2 и 3 не соответствуют (отсутствуют плановые значения, процент исполнения и причины отклонения исполнения от плановых значений).
A13: 4 | B13: ЗАТО Шиханы | C13: Не опубликован или содержит информацию менее чем по трем ключевым элементам | D13: Название файла «Отчет за 2015 год городского округа ЗАТО Шиханы » не соответствует содержанию, что вводит пользователя в заблуждение. | E13: =IF(C13=$C$5,3,IF(C13=$C$6,2,IF(C13=$C$7,1,0))) -> 0 | F13: 0.5 | H13: =E13*(1-F13)*(1-G13) -> 0 | I13: http://zatoshihany.ru/city/Budget_for_citizens/ | J13: Отсутствуют пункты 5,7; пункт 1 не соответствует (отсутствуют показатели, характеризующие объемы производства, численность и состав населения), пункт 3 не соответствуют (отсутствуют процент исполнения и причины отклонения исполнения от плановых значений), пункт 4 не соответствует (нет показателей), пункт 6 не соответствует (нет данных об объеме мун.долга на начало отчетного периода, т.е. на 01.01.2015).
B14: Муниципальные районы
A15: 5 | B15: Александрово-Гайский | C15: Не опубликован или содержит информацию менее чем по трем ключевым элементам | E15: =IF(C15=$C$5,3,IF(C15=$C$6,2,IF(C15=$C$7,1,0))) -> 0 | H15: =E15*(1-F15)*(1-G15) -> 0 | I15: http://algay.sarmo.ru/byudzhet-ekonomika-finansy/byudzhet-dokumenty.php | J15: Отсутствуют пункты 1, 4, 5,7, пункт 2 и 3 не соответствуют (отсутствуют плановые значения и причины отклонения исполнения от плановых значений), пункт 6 не соответствует (нет данных об объеме мун.долга на начало отчетного периода, т.е. на 01.01.2015). Раздел не структурирован по годам.
A16: 6 | B16: Аркадакский | C16: Не опубликован или содержит информацию менее чем по трем ключевым элементам | E16: =IF(C16=$C$5,3,IF(C16=$C$6,2,IF(C16=$C$7,1,0))) -> 0 | H16: =E16*(1-F16)*(1-G16) -> 0 | I16: http://arkadak.sarmo.ru/index.php?option=com_content&view=article&id=828 | J16: На предоставленной ссылке отсутствует бюджет для граждан, разработанный на основе решения об исполнении бюджета муниципального образования за отчетный финансовый год
A17: 7 | B17: Аткарский | C17: Не опубликован или содержит информацию менее чем по трем ключевым элементам | D17: Название раздела «Бюджет для граждан Аткарского МР на 2015 год» не соответствует содержанию, что вводит пользователя в заблуждение. | E17: =IF(C17=$C$5,3,IF(C17=$C$6,2,IF(C17=$C$7,1,0))) -> 0 | F17: 0.5 | H17: =E17*(1-F17)*(1-G17) -> 0 | I17: http://proatkarsk.ru/CityArticles.aspx?articleid=3041 | J17: Отсутствуют пункты 5-7, пункт 1 не соответствует (отсутствуют показатели, характеризующие численность и состав населения), пункт 2 не соответствует (сведения не в разрезе видов доходов и отсутствуют причины отклонения исполнения от плановых значений ), пункт 3 не соответствует ( не в разрезе видов расходов и отсутствуют причины отклонения исполнения от плановых значений ), в пункте 4 предпочтительны числовые показатели.
A18: 8 | B18: Базарно-Карабулакский | C18: Не опубликован или содержит информацию менее чем по трем ключевым элементам | D18: Название файла «Отчет об исполнении бюджета за 2015 год » не соответствует содержанию, что вводит пользователя в заблуждение. | E18: =IF(C18=$C$5,3,IF(C18=$C$6,2,IF(C18=$C$7,1,0))) -> 0 | F18: 0.5 | H18: =E18*(1-F18)*(1-G18) -> 0 | I18: http://bkarabulak.sarmo.ru/index.php?option=com_content&view=article&id=3965&Itemid=312 | J18: Отсутствуют пункты 5-7, пункт 1 не соответствует (отсутствуют показатели, характеризующие объемы производства, численность и состав населения только фактические, без плановых значений), пункты 2 и 3 не соответствуют (отсутствуют причины отклонения исполнения от плановых значений)
A19: 9 | B19: Балаковский | C19: Опубликован и содержит информацию по всем ключевым элементам | D19: Лишняя архивация для одного файла. | E19: =IF(C19=$C$5,3,IF(C19=$C$6,2,IF(C19=$C$7,1,0))) -> 3 | H19: =E19*(1-F19)*(1-G19) -> 3 | I19: http://www.admbal.ru/page/byudzhet-bmr | J19: В информации по муниципальным программам хорошо бы добавить плановые значения по целевым показателям.
A20: 10 | B20: Балашовский | C20: Не опубликован или содержит информацию менее чем по трем ключевым элементам | E20: =IF(C20=$C$5,3,IF(C20=$C$6,2,IF(C20=$C$7,1,0))) -> 0 | H20: =E20*(1-F20)*(1-G20) -> 0 | I20: http://www.baladmin.ru/administration/divisions-structure/finance/byudzhet-dlya-grazhdan.php | J20: Отсутствуют пункт 5, пункт 1 не соответствует (отсутствуют показатели, характеризующие объемы производства и состав населения), пункты 2 и 3 не соответствуют (отсутствуют причину отклонения исполнения от плановых значений), пункт 4 не соответствует (не по всем программам стоят показатели), пункт 6 не соответствует ( отсутствуют сведения об объеме муниципального долга по состоянию на начало и отчетного года, т.е. на 01.01.2015).
A21: 11 | B21: Балтайский | C21: Не опубликован или содержит информацию менее чем по трем ключевым элементам | E21: =IF(C21=$C$5,3,IF(C21=$C$6,2,IF(C21=$C$7,1,0))) -> 0 | H21: =E21*(1-F21)*(1-G21) -> 0
A22: 12 | B22: Вольский | C22: Не опубликован или содержит информацию менее чем по трем ключевым элементам | E22: =IF(C22=$C$5,3,IF(C22=$C$6,2,IF(C22=$C$7,1,0))) -> 0 | H22: =E22*(1-F22)*(1-G22) -> 0 | I22: http://вольск.рф/?page_id=14102 | J22: Отсутствуют пункт 4-7, пункт 1 не соответствует (отсутствуют показатели, характеризующие состав населения ), пункт 2 не соответствуют (отсутствуют процент исполнения и причины отклонения исполнения от плановых значений), пункт 3 не соответствуют (отсутствуют исполнение плана по расходам по разделам и подразделам классификации расходов бюджета, процент исполнения и причины отклонения исполнения от плановых значений).Отсутствует возможность скачать информацию.
A23: 13 | B23: Воскресенский | C23: Не опубликован или содержит информацию менее чем по трем ключевым элементам | E23: =IF(C23=$C$5,3,IF(C23=$C$6,2,IF(C23=$C$7,1,0))) -> 0 | H23: =E23*(1-F23)*(1-G23) -> 0 | I23: http://voskresensk64.ru/administration/statistics/Budget%20for%20citizens/ | J23: Бюджет для граждан, разработанного на основе решения об исполнении бюджета муниципального образования за 2015 год по указанной ссылке отсутствует.
A24: 14 | B24: Дергачевский | C24: Не опубликован или содержит информацию менее чем по трем ключевым элементам | E24: =IF(C24=$C$5,3,IF(C24=$C$6,2,IF(C24=$C$7,1,0))) -> 0 | H24: =E24*(1-F24)*(1-G24) -> 0 | I24: http://dergachi.sarmo.ru/byudzhet-dlya-grazhdan/ | J24: Отсутствуют пункт 4, 5, пункт 1 не соответствует (отсутствуют плановые значения, отсутствуют показатели, характеризующие состав населения), пункт 2 и 3 не соответствуют (отсутствуют плановые значения, процент исполнения и причины отклонения исполнения от плановых значений).
A25: 15 | B25: Духовницкий | C25: Не опубликован или содержит информацию менее чем по трем ключевым элементам | E25: =IF(C25=$C$5,3,IF(C25=$C$6,2,IF(C25=$C$7,1,0))) -> 0 | H25: =E25*(1-F25)*(1-G25) -> 0 | I25: http://duhovnitskoe.sarmo.ru/byudzhet-dlya-grazhdan/ | J25: Отсутствуют пункты 1,5-6, пункт 2 не соответствуют (отсутствуют причины отклонения исполнения от плановых значений), пункт 3 не соответствуют (отсутствуют плановые значения, процент исполнения и причины отклонения исполнения от плановых значений), пункт 4 не соответствует (нет процента исполнения и показателей).
A26: 16 | B26: Екатериновский | C26: Не опубликован или содержит информацию менее чем по трем ключевым элементам | E26: =IF(C26=$C$5,3,IF(C26=$C$6,2,IF(C26=$C$7,1,0))) -> 0 | H26: =E26*(1-F26)*(1-G26) -> 0 | I26: http://www.ekaterinovka.sarmo.ru/byudzhet-dlya-grazhdan/
A27: 17 | B27: Ершовский | C27: Не опубликован или содержит информацию менее чем по трем ключевым элементам | D27: Название документа «Отчет об исполнении бюджета для граждан за 2015 год», не соответствует содержанию, что вводит пользователя в заблуждение. | E27: =IF(C27=$C$5,3,IF(C27=$C$6,2,IF(C27=$C$7,1,0))) -> 0 | F27: 0.5 | H27: =E27*(1-F27)*(1-G27) -> 0 | I27: http://ershov.sarmo.ru/byudzhet-ekonomika-finansy/byudzhet-dlya-grazhdan/ | J27: Брошюра подготовлена на основе проекта решения об исполнении бюджета! Отсутствуют пункт 4-5, пункт 1 не соответствует (отсутствуют показатели, характеризующие численность и состав населения), пункт 2 и 3 не соответствуют (отсутствуют плановые значения, процент исполнения и причины отклонения исполнения от плановых значений).
A28: 18 | B28: Ивантеевский | C28: Опубликован и содержит информацию по трем и более ключевым элементам | E28: =IF(C28=$C$5,3,IF(C28=$C$6,2,IF(C28=$C$7,1,0))) -> 1 | H28: =E28*(1-F28)*(1-G28) -> 1 | I28: http://ivanteevka.sarmo.ru/byudzhet-dlya-grazhdan/byudzhet-dlya-grazhdan/2015/ispolnenie-byudzheta-za-2015-god/ | J28: Отсутствует пункт 7, информацию по пункту 1 внести в брошюру , а не отдельным дополнительным файлом, пункт 3 не соответствуют (отсутствуют причины отклонения исполнения от плановых значений). По всем показателям не хватает графы «процент исполнения» для наглядности.
A29: 19 | B29: Калининский | C29: Не опубликован или содержит информацию менее чем по трем ключевым элементам | D29: Название раздела «Исполнение бюджета Калининского МР за 2015 год» не соответствует содержанию, что вводит пользователя в заблуждение. | E29: =IF(C29=$C$5,3,IF(C29=$C$6,2,IF(C29=$C$7,1,0))) -> 0 | F29: 0.5 | H29: =E29*(1-F29)*(1-G29) -> 0 | I29: http://kalininsk.sarmo.ru/informatsiya-o-munitsipalnom-rayone/byudzhet-munitsipalnogo-rayona/?ELEMENT_ID=1406 | J29: Отсутствует пункт 1,4-6, пункт 2 и 3 не соответствуют (отсутствуют причины отклонения исполнения от плановых значений).
A30: 20 | B30: Красноармейский | C30: Не опубликован или содержит информацию менее чем по трем ключевым элементам | E30: =IF(C30=$C$5,3,IF(C30=$C$6,2,IF(C30=$C$7,1,0))) -> 0 | H30: =E30*(1-F30)*(1-G30) -> 0 | I30: http://krasnoarmeysk.sarmo.ru/krasnoarmeyskiy-rayon/byudzhet/byudzhet-dlya-grazhdan/ispolnenie-byudzheta-krasnoarmeyskogo-mr.php?clear_cache=Y | J30: Отсутствует пункт 1,4-6, пункт 2 не соответствуют (не по всем видам доходов указаны план, факт, и процент исполнения, не везде указаны причины отклонения исполнения от плановых значений), пункт 3 не соответствуют (отсутствуют причины отклонения исполнения от плановых значений)
A31: 21 | B31: Краснокутский | C31: Не опубликован или содержит информацию менее чем по трем ключевым элементам | D31: Есть баннер на БдГ, но при переходе по нему - страница не найдена. | E31: =IF(C31=$C$5,3,IF(C31=$C$6,2,IF(C31=$C$7,1,0))) -> 0 | H31: =E31*(1-F31)*(1-G31) -> 0 | I31: http://krasny-kut.ru/krasnokutskij_rajon/konomika_i_finansy/finansy/ | J31: Ошибка на сайте, страница не найдена
A32: 22 | B32: Краснопартизанский | C32: Не опубликован или содержит информацию менее чем по трем ключевым элементам | D32: Лишняя архивация для одного файла. | E32: =IF(C32=$C$5,3,IF(C32=$C$6,2,IF(C32=$C$7,1,0))) -> 0 | H32: =E32*(1-F32)*(1-G32) -> 0 | I32: http://gornyi.sarmo.ru/index.php?option=com_content&view=article&id=1105:2014-05-20-10-48-44&catid=34:%D0%9E%D1%81%D0%BD%D0%BE%D0%B2%D0%BD%D0%B0%D1%8F%20%D0%BA%D0%B0%D1%82%D0%B5%D0%B3%D0%BE%D1%80%D0%B8%D1%8F | J32: Отсутсвует пункт 5, пункт 1 не соответствует (отсутствуют показатели, характеризующие состав населения ), пункт 2 не соответствуют (отсутствуют причины отклонения исполнения от плановых значений), пункт 3 не соответствуют (не проставлены проценты исполнения, отсутствуют причины отклонения исполнения от плановых значений), пункт 4 не соответствует (нет показателей), пункт 6 не соответствует (на 15 слайде разные цифры в таблице и в описании под таблицей, нет данных на начало отчетного периода).
A33: 23 | B33: Лысогорский | C33: Не опубликован или содержит информацию менее чем по трем ключевым элементам | E33: =IF(C33=$C$5,3,IF(C33=$C$6,2,IF(C33=$C$7,1,0))) -> 0 | H33: =E33*(1-F33)*(1-G33) -> 0 | I33: http://adm.lysyegory.ru/base/2467-byudzhet-dlja-grazhdan-po-lysogorskomu-municipalnomu-raionu-ispolnenie-za-2015-god.html | J33: Отсутсвуют пункты 4-7, пункт 1 не соответствует (отсутствуют показатели, состав населения), пункты 2 и 3 не соответствуют (отсутствуют плановые значения, процент исполнения, причины отклонения исполнения от плановых значений). Большая часть информации в единой таблице (не ненаглядно)!!
A34: 24 | B34: Марксовский | C34: Не опубликован или содержит информацию менее чем по трем ключевым элементам | E34: =IF(C34=$C$5,3,IF(C34=$C$6,2,IF(C34=$C$7,1,0))) -> 0 | H34: =E34*(1-F34)*(1-G34) -> 0 | I34: http://marksadm.ru/bdg-kf.html | J34: Отсутствует пункт 5, пункты 2 и 3 не соответствуют (не везде по видам или разделам указаны плановые значения, процент исполнения, причины отклонения исполнения от плановых значений), пункт 4 не соответствует (не указан процент исполнения и нет показателей), пункт 6 не соответствует (нет данных об объеме мун.долга на начало отчетного периода, т.е. на 01.01.2015).
A35: 25 | B35: Новобурасский | C35: Не опубликован или содержит информацию менее чем по трем ключевым элементам | D35: Раздел «Отчет об исполнении бюджета Новобурасского муниципального района за 2015 год», название самого файла - «Испол.бюджета для гр 2014 г(район).pptx» | E35: =IF(C35=$C$5,3,IF(C35=$C$6,2,IF(C35=$C$7,1,0))) -> 0 | F35: 0.5 | H35: =E35*(1-F35)*(1-G35) -> 0 | I35: http://admnburasy.ru/budget.html | J35: Отсутствуют пункты 1,5,пункты 2 и 3 не соответствуют (отсутствуют причины отклонения исполнения от плановых значений), пункт 4 не соответствует (не указаны наименование програм, нет плановых значений и процента исполнения, нет показателей), пункт 6 не соответсвует (нет данных об объеме мун.долга на начало отчетного периода, т.е. на 01.01.2015). Обратите внимание: в следующий раз присылать конкретную ссылку на страницу, где находится документ. Раздел не структурирован.
A36: 26 | B36: Новоузенский | C36: Не опубликован или содержит информацию менее чем по трем ключевым элементам | E36: =IF(C36=$C$5,3,IF(C36=$C$6,2,IF(C36=$C$7,1,0))) -> 0 | H36: =E36*(1-F36)*(1-G36) -> 0 | I36: http://www.novouzensk.ru/budget%20for%20people/ | J36: На предоставленной ссылке отсутствует бюджет для граждан, разработанный на основе решения об исполнении бюджета муниципального образования за отчетный финансовый год
A37: 27 | B37: Озинский | C37: Опубликован и содержит информацию по трем и более ключевым элементам | D37: Лишняя папка в архиве. | E37: =IF(C37=$C$5,3,IF(C37=$C$6,2,IF(C37=$C$7,1,0))) -> 1 | H37: =E37*(1-F37)*(1-G37) -> 1 | I37: http://ozinki.sarmo.ru/byudzhet/byudzhet-dlya-grazhdan.php | J37: Отсутствует пункт 5, пункты 2 и 3 не соответствуют (отсутствуют причины отклонения исполнения от плановых значений), пункт 4 не соответствует (нет показателей)
A38: 28 | B38: Перелюбский | C38: Не опубликован или содержит информацию менее чем по трем ключевым элементам | D38: Раздел «Информация для населения». | E38: =IF(C38=$C$5,3,IF(C38=$C$6,2,IF(C38=$C$7,1,0))) -> 0 | F38: 0.5 | H38: =E38*(1-F38)*(1-G38) -> 0 | I38: http://perelyub.sarmo.ru/index.php?option=com_content&view=article&id=471:2015-02-16-11-15-11&catid=63:--&Itemid=172 | J38: Отсутствуют пункты 1,4-7, пункты 2 не соответствуют (отсутствуют разбивка по видам, процент исполнения, причины отклонения исполнения от плановых значений), пункты 3 не соответствуют (отсутствуют процент исполнения, причины отклонения исполнения от плановых значений), Два отдельных файла.
A39: 29 | B39: Петровский | C39: Опубликован и содержит информацию по пяти и более ключевым элементам | E39: =IF(C39=$C$5,3,IF(C39=$C$6,2,IF(C39=$C$7,1,0))) -> 2 | H39: =E39*(1-F39)*(1-G39) -> 2 | I39: http://petrovsk64.ru/sub-org/fin-upr/otkrytyy-byudzhet/byudzhet-dlya-grazhdan/ | J39: Отсутсвует пункт 5. Достаточно наглядно!
A40: 30 | B40: Питерский | C40: Не опубликован или содержит информацию менее чем по трем ключевым элементам | E40: =IF(C40=$C$5,3,IF(C40=$C$6,2,IF(C40=$C$7,1,0))) -> 0 | H40: =E40*(1-F40)*(1-G40) -> 0 | I40: http://piterka.sarmo.ru/byudzhet-piterskogo-mr/byudzhet-dlya-grazhdan/ | J40: Отсутствуют пункты: 1,5,6;7 пункт 2 не соответствуют (отсутствуют причины отклонения исполнения от плановых значений), пункт 3 не соответствуют (не везде указаны плановые значения и отсутствуют причины отклонения исполнения от плановых значений пункт 4 не соответствует(нет показателей). Раздел, где находится документ, не структурирован.
A41: 31 | B41: Пугачевский | C41: Не опубликован или содержит информацию менее чем по трем ключевым элементам | D41: Название файла «Отчет об исполнении бюджета Пугачевского муниципального района за 2015 год» не соответствует содержанию, что вводит пользователя в заблуждение. | E41: =IF(C41=$C$5,3,IF(C41=$C$6,2,IF(C41=$C$7,1,0))) -> 0 | F41: 0.5 | H41: =E41*(1-F41)*(1-G41) -> 0 | I41: http://pugachev-adm.ru/ekonomika-rayona/byudzhet-rayona | J41: Отсутствуютпункты: 1,5,6;7 пункт 2 не соответствует (отсутствуют причины отклонения исполнения от плановых значений), пункт 4 не соответствует (нет расходов и показателей). Раздел, где находится документ, не структурирован.
A42: 32 | B42: Ровенский | C42: Не опубликован или содержит информацию менее чем по трем ключевым элементам | E42: =IF(C42=$C$5,3,IF(C42=$C$6,2,IF(C42=$C$7,1,0))) -> 0 | H42: =E42*(1-F42)*(1-G42) -> 0 | I42: http://rovnoe.sarmo.ru/byudzhet/byudzhet-dlyagrazhdan/ | J42: Отсутствует пункты 5, 6, пункт 1 не соответствует (отсутствуют показатели, характеризующие численность и состав населения), пункт 2 и 3 не соответствует (отсутствуют причины отклонения исполнения от плановых значений), пункт 4 не соответствует (нет показателей).
A43: 33 | B43: Романовский | C43: Не опубликован или содержит информацию менее чем по трем ключевым элементам | E43: =IF(C43=$C$5,3,IF(C43=$C$6,2,IF(C43=$C$7,1,0))) -> 0 | H43: =E43*(1-F43)*(1-G43) -> 0
A44: 34 | B44: Ртищевский | C44: Не опубликован или содержит информацию менее чем по трем ключевым элементам | D44: Бюджет для граждан за 2015 год находится в разделе «2016 год». | E44: =IF(C44=$C$5,3,IF(C44=$C$6,2,IF(C44=$C$7,1,0))) -> 0 | F44: 0.5 | H44: =E44*(1-F44)*(1-G44) -> 0 | I44: http://rtishevo.sarmo.ru/finansovyy-organ/rtishchevskiy-munitsipalnyy-rayon/2016-god/byudzhet-dlya-grazhdan.php | J44: Отсутствует пункты: 5, пункт 1 не соответствует (отсутствуют показатели, характеризующие объемы производства, численность и состав населения (факт-план)), пункт 2 не соответствует (отсутствуют плановые значения и причины отклонения исполнения от плановых значений), пункт 3 не соответствует (отсутствуют причины отклонения исполнения от плановых значений), пункт 4 не соответствует (нет расходов и привязке показателей к расходам), пункт 6 не соответствует (отсутствуют сведения о муниципальном долге на начало отчетного периода).
A45: 35 | B45: Самойловский | C45: Не опубликован или содержит информацию менее чем по трем ключевым элементам | D45: Название документа «Отчет об исполнении районного бюджета Самойловского муниципального района Саратовской области за 2015 год», не соответствует содержанию, что вводит пользователя в заблуждение. | E45: =IF(C45=$C$5,3,IF(C45=$C$6,2,IF(C45=$C$7,1,0))) -> 0 | F45: 0.5 | H45: =E45*(1-F45)*(1-G45) -> 0 | I45: http://sam64.ru/index.php?option=com_content&view=article&id=634&Itemid=242 | J45: Отсутствует пункты 1, 4-7, пункты 2 и 3 не соответствует (отсутствуют причины отклонения исполнения от плановых значений). Обратите внимание: в следующий раз присылать конкретную ссылку на страницу, где находится документ(много лишних ссылок).
A46: 36 | B46: Саратовский | C46: Не опубликован или содержит информацию менее чем по трем ключевым элементам | E46: =IF(C46=$C$5,3,IF(C46=$C$6,2,IF(C46=$C$7,1,0))) -> 0 | H46: =E46*(1-F46)*(1-G46) -> 0 | J46: Ссылка не предоставлена, информация на сайте не обнаружена.
A47: 37 | B47: Советский | C47: Не опубликован или содержит информацию менее чем по трем ключевым элементам | E47: =IF(C47=$C$5,3,IF(C47=$C$6,2,IF(C47=$C$7,1,0))) -> 0 | H47: =E47*(1-F47)*(1-G47) -> 0 | I47: http://stepnoeadm.ru/?page_id=290 | J47: Отсутствует пункты 4-5, пункт 1 не соответствует(отсутствуют показатели, характеризующие объемы производства и состав населения ), пункт 2 не соответствует (отсутствуют процент исполнения,причины отклонения исполнения от плановых значений),пункт 3 не соответствует (отсутствуют процент исполнения, причины отклонения исполнения от плановых значений), пункт 6 не соответствует (отсутствуют сведения на начало и на конец отчетного периода).
A48: 38 | B48: Татищевский | C48: Опубликован и содержит информацию по трем и более ключевым элементам | D48: Есть баннер на БдГ, лишняя архивация для одного файла. | E48: =IF(C48=$C$5,3,IF(C48=$C$6,2,IF(C48=$C$7,1,0))) -> 1 | H48: =E48*(1-F48)*(1-G48) -> 1 | I48: http://tatishevo.saratov.gov.ru/index.php?option=com_content&view=article&id=Itemid=1827 | J48: Отсутствует пункты 5, пункт 1 не соответствует (отсутствуют показатели, характеризующие состав населения ), пункт 2 и 3 не соответствует (отсутствуют причины отклонения исполнения от плановых значений), пункт 4 не соответствует (нет процента исполнения и показателей).
A49: 39 | B49: Турковский | C49: Не опубликован или содержит информацию менее чем по трем ключевым элементам | E49: =IF(C49=$C$5,3,IF(C49=$C$6,2,IF(C49=$C$7,1,0))) -> 0 | H49: =E49*(1-F49)*(1-G49) -> 0 | I49: http://turki.sarmo.ru/sobranie-deputatov-turkovskogo-munitsipalnogo-rayona/dokumenty/byudzhet/byudzhet-dlya-grazhdan/ | J49: Отсутствует пункты 5-6, пункт 1 не соответствует(отсутствуют показатели, характеризующие объемы производства, численность и состав населения (факт-план)), пункт 2 не соответствует (исполнение 2015 года сравнивается не с полановыми значениями, а с исполнением 2014 года, отсутствуют причины отклонения исполнения от плановых значений),пункт 3 не соответствует (отсутствуют причины отклонения исполнения от плановых значений),пункт 4 не соответствует(нет показателей).
A50: 40 | B50: Федоровский | C50: Не опубликован или содержит информацию менее чем по трем ключевым элементам | D50: Раздел называется «контроль», хотя с главной страницы переход через раздел «бюджет». | E50: =IF(C50=$C$5,3,IF(C50=$C$6,2,IF(C50=$C$7,1,0))) -> 0 | F50: 0.5 | H50: =E50*(1-F50)*(1-G50) -> 0 | I50: http://mokrous.fedrayon.ru/index.php?option=com_content&view=article&id=291&Itemid=285 | J50: Отсутствуют пункты 4-7, пункт 1 не соответствует (отсутствуют показатели, характеризующие численность и состав населения), пункт 2 и 3 не соответствует (отсутствуют причины отклонения исполнения от плановых значений). Слишком много информации на одной страниц! Раздел не структурирован.
A51: 41 | B51: Хвалынский | C51: Не опубликован или содержит информацию менее чем по трем ключевым элементам | D51: Название файла «Итоги социально экономического развития Хвалынского муниципального района за 2015 год » не соответствует содержанию, что вводит пользователя в заблуждение. | E51: =IF(C51=$C$5,3,IF(C51=$C$6,2,IF(C51=$C$7,1,0))) -> 0 | F51: 0.5 | H51: =E51*(1-F51)*(1-G51) -> 0 | I51: http://hvalynsk.sarmo.ru/administratsiya-khvalynskogo-munitsipalnogo-rayona/byudzhet/ | J51: Отсутствует пункт 5, пункт 1 не соответствует (отсутствуют сравнение план-факт, показатели, характеризующие состав населения), пункт 2 и 3 не соответствует (не везде присутствует сравнение план-факт, отсутствуют причины отклонения исполнения от плановых значений), пункт 4 не соответствует (нет плановых значений, процента исполнения, показатели - не в числовой форме), пункт 6 не соответсвует (нет план-факт, только разница). Раздел не структурирован.
A52: 42 | B52: Энгельсский | C52: Опубликован и содержит информацию по трем и более ключевым элементам | E52: =IF(C52=$C$5,3,IF(C52=$C$6,2,IF(C52=$C$7,1,0))) -> 1 | H52: =E52*(1-F52)*(1-G52) -> 1 | I52: http://www.engels-city.ru/byudzhet-dlya-grazhdan | J52: Отсутствует пункты: 5, пункт 1 не соответствует отсутствуют плановые значения, отсутствуют показатели, характеризующие численность и состав населения ), пункт 3 не соответствует (исполнение 2015 года сравнивается не с полановыми значениями, а с исполнением 2014 года, отсутствуют причины отклонения исполнения от плановых значений), пункт 6 не соответствует (нет данных об объеме мун.долга на начало отчетного периода, т.е. на 01.01.2015). В пункте 4 добавить плановые значения.

Sheet Параметры
A1: Календарный период | B1: 2015
A3: Форматы | B3: машиночитаемый
B4: графический | C4: 0.5

Sheet Показатель 3.3
A1: 3.3. Опубликование заключение контрольно-счетного органа муниципального образования на годовой отчет об исполнении бюджета муниципального образования за отчетный финансовый год на портале (сайте)
A2: Комментарий:
A3: ='Методика II этап'!B18 -> В целях оценки показателя учитывается официальный документ, подписанный уполномоченным должностным лицом. В указанном документе должны быть указаны: а) должность, фамилия и инициалы лица, подписавшего документ, б) дата подписания документа.
A4: № п/п | B4: Наименование муниципального образования Саратовской обалсти | C4: ='Методика II этап'!B17 -> Опубликование заключения контрольно-счетного органа муниципального образования на годовой отчет об исполнении бюджета муниципального образования за отчетный финансовый год на портале (сайте) | D4: Формат | E4: Доступность (указать, если возникли трудности с поиском документа, если переход осуществляется более, чем за 5 «кликов» с основной страницы портала (сайта), если название раздела не соответствует содержанию) | F4: Оценка показателя 3.3 | K4: Ссылка на источник данных | L4: Комментарии
B5: Варианты ответов | C5: ='Методика II этап'!B19 -> Опубликовано | D5: Word, Excel, PDF | F5: баллы | G5: понижающие коэффициенты | J5: Итого
C6: ='Методика II этап'!B20 -> Не опубликовано или не отвечает требованиям | G6: графический формат | H6: затруднен-ный поиск | I6: несоблюде-ние сроков
B7: Городские округа
A8: 1 | B8: г. Саратов | C8: Опубликовано | D8: Web | E8: Отсутствует баннер (ссылка) на главной странице на сайт, где размещен документ. | F8: =IF(C8=$C$5,1,0) -> 1 | G8: 0.5 | H8: 0.5 | J8: =F8*(1-G8)*(1-H8)*(1-I8) -> 0.25 | K8: http://www.kspsaratov.ru/?p=2094 | L8: В документе отсутствует подпись должностного лица. Не соблюден формат размещения официального документа.
A9: 2 | B9: ЗАТО Михайловское | C9: Опубликовано | D9: Jpg | F9: =IF(C9=$C$5,1,0) -> 1 | J9: =F9*(1-H9)*(1-I9) -> 1 | K9: http://mihailovski.ru/?mod=article&id=3282
A10: 3 | B10: ЗАТО Светлый | C10: Опубликовано | D10: Word | F10: =IF(C10=$C$5,1,0) -> 1 | G10: 0.5 | J10: =F10*(1-H10)*(1-I10)*(1-G10) -> 0.5 | K10: http://www.zatosvetly.ru/about/info/news/folder/folder1/folder/folder1/folder/folder/index.php?ELEMENT_ID=8960 | L10: В документе отсутствует подпись должностного лица. Не соблюден формат размещения официального документа.
A11: 4 | B11: ЗАТО Шиханы | C11: Опубликовано | D11: Word | F11: =IF(C11=$C$5,1,0) -> 1 | G11: 0.5 | J11: =F11*(1-H11)*(1-I11)*(1-G11) -> 0.5 | K11: http://zatoshihany.ru/sobranie/kontrolnaya/ | L11: В документе отсутствует дата, подпись должностного лица. Не соблюден формат размещения официального документа.Раздел не структурирован по годам.
B12: Муниципальные районы
A13: 5 | B13: Александрово-Гайский | C13: Опубликовано | D13: Word | F13: =IF(C13=$C$5,1,0) -> 1 | G13: 0.5 | J13: =F13*(1-H13)*(1-I13)*(1-G13) -> 0.5 | K13: http://algay.sarmo.ru/byudzhet-ekonomika-finansy/byudzhet-dokumenty.php | L13: В документе отсутствует подпись должностного лица. Не соблюден формат размещения официального документа. Раздел не структурирован по годам.
A14: 6 | B14: Аркадакский | C14: Не опубликовано или не отвечает требованиям | F14: =IF(C14=$C$5,1,0) -> 0 | J14: =F14*(1-H14)*(1-I14)*(1-G14) -> 0 | L14: Ссылка не предоставлена, на сайте информация не найдена.
A15: 7 | B15: Аткарский | C15: Опубликовано | D15: Word | F15: =IF(C15=$C$5,1,0) -> 1 | G15: 0.5 | J15: =F15*(1-H15)*(1-I15)*(1-G15) -> 0.5 | K15: http://proatkarsk.ru/CityArticles.aspx?articleid=3654 | L15: В документе отсутствует подпись должностного лица. Не соблюден формат размещения официального документа. Раздел не структурирован.
A16: 8 | B16: Базарно-Карабулакский | C16: Опубликовано | D16: Word | F16: =IF(C16=$C$5,1,0) -> 1 | G16: 0.5 | J16: =F16*(1-H16)*(1-I16)*(1-G16) -> 0.5 | K16: http://bkarabulak.sarmo.ru/index.php?option=com_content&view=article&id=5687&Itemid=328 | L16: В документе отсутствует подпись должностного лица. Не соблюден формат размещения официального документа.
A17: 9 | B17: Балаковский | C17: Опубликовано | D17: PDF | E17: Лишняя архивация для одного файла. | F17: =IF(C17=$C$5,1,0) -> 1 | J17: =F17*(1-H17)*(1-I17)*(1-G17) -> 1 | K17: http://www.admbal.ru/page/ispolnenie-byudzheta-bmr
A18: 10 | B18: Балашовский | C18: Не опубликовано или не отвечает требованиям | F18: =IF(C18=$C$5,1,0) -> 0 | J18: =F18*(1-H18)*(1-I18)*(1-G18) -> 0 | L18: Заключение контрольно-счетного органа муниципального образования на годовой отчет об исполнении бюджета Балашовского муниципального района за отчетный финансовый год не публиковалось.
A19: 11 | B19: Балтайский | C19: Не опубликовано или не отвечает требованиям | F19: =IF(C19=$C$5,1,0) -> 0 | J19: =F19*(1-H19)*(1-I19)*(1-G19) -> 0 | L19: На сайте информация не опубликована.
A20: 12 | B20: Вольский | C20: Не опубликовано или не отвечает требованиям | F20: =IF(C20=$C$5,1,0) -> 0 | J20: =F20*(1-H20)*(1-I20)*(1-G20) -> 0 | L20: На сайте информация не опубликована.
A21: 13 | B21: Воскресенский | C21: Опубликовано | D21: Word | F21: =IF(C21=$C$5,1,0) -> 1 | G21: 0.5 | J21: =F21*(1-H21)*(1-I21)*(1-G21) -> 0.5 | K21: http://voskresensk64.ru/meeting/mun-polnom/Контрольно-счетная%20комиссия/index.php | L21: В документе отсутствует подпись должностного лица. Не соблюден формат размещения официального документа.
A22: 14 | B22: Дергачевский | C22: Опубликовано | D22: PDF | F22: =IF(C22=$C$5,1,0) -> 1 | J22: =F22*(1-H22)*(1-I22)*(1-G22) -> 1 | K22: http://dergachi.sarmo.ru/kontrolno-schetnyy-organ-dergachevskogo-munitsipalnogo-rayona/
A23: 15 | B23: Духовницкий | C23: Опубликовано | D23: Web | F23: =IF(C23=$C$5,1,0) -> 1 | G23: 0.5 | J23: =F23*(1-H23)*(1-I23)*(1-G23) -> 0.5 | K23: http://duhovnitskoe.sarmo.ru/ispolnenie-byudzheta/ | L23: В документе отсутствует подпись должностного лица. Не соблюден формат размещения официального документа.Отсутствует возможность скачать документ.
A24: 16 | B24: Екатериновский | C24: Не опубликовано или не отвечает требованиям | D24: Word | F24: =IF(C24=$C$5,1,0) -> 0 | G24: 0.5 | J24: =F24*(1-H24)*(1-I24)*(1-G24) -> 0 | K24: http://ekaterinovka.sarmo.ru/kontrolno-schetnaya-komissiya/ | L24: В документе отсутствует подпись должностного лица. Не соблюден формат размещения официального документа. Обратите внимание: в следующий раз присылать конкретную ссылку на страницу, где находится документ.
A25: 17 | B25: Ершовский | C25: Опубликовано | D25: Word | F25: =IF(C25=$C$5,1,0) -> 1 | G25: 0.5 | J25: =F25*(1-H25)*(1-I25)*(1-G25) -> 0.5 | K25: http://ershov.sarmo.ru/ershovskiy-munitsipalnyy-rayon/kontrolno-schetnaya-komissiya/ | L25: В документе отсутствует подпись должностного лица. Не соблюден формат размещения официального документа.
A26: 18 | B26: Ивантеевский | C26: Опубликовано | D26: Word | F26: =IF(C26=$C$5,1,0) -> 1 | G26: 0.5 | J26: =F26*(1-H26)*(1-I26)*(1-G26) -> 0.5 | K26: http://ivanteevka.sarmo.ru/byudzhet-dlya-grazhdan/finansovyy-kontrol/ekspertno-analiticheskie-meropriyatiya/ | L26: В документе отсутствует подпись должностного лица. Не соблюден формат размещения официального документа.
A27: 19 | B27: Калининский | C27: Опубликовано | D27: Word | F27: =IF(C27=$C$5,1,0) -> 1 | G27: 0.5 | J27: =F27*(1-H27)*(1-I27)*(1-G27) -> 0.5 | K27: http://kalininsk.sarmo.ru/kontrolno-schetnaya-komissiya/zaklyuchenie-ksk-na-otchet-ob-ispolnenii-byudzheta/ | L27: В документе отсутствует подпись должностного лица. Не соблюден формат размещения официального документа.
A28: 20 | B28: Красноармейский | C28: Опубликовано | D28: Word | F28: =IF(C28=$C$5,1,0) -> 1 | G28: 0.5 | J28: =F28*(1-H28)*(1-I28)*(1-G28) -> 0.5 | K28: http://krasnoarmeysk.sarmo.ru/krasnoarmeyskiy-rayon/byudzhet/byudzhet-dlya-grazhdan/ | L28: В документе отсутствует подпись должностного лица. Не соблюден формат размещения официального документа.
A29: 21 | B29: Краснокутский | C29: Не опубликовано или не отвечает требованиям | F29: =IF(C29=$C$5,1,0) -> 0 | J29: =F29*(1-H29)*(1-I29)*(1-G29) -> 0 | L29: На сайте информация отсутствует, в разделе «Газета в электронном виде» только выпуски 2015 года. На сайте газеты «Краснокутские Вести»(http://moyaokruga.ru/kraskut/?topcategoryid=12&categoryid=136) информация не найдена.
A30: 22 | B30: Краснопартизанский | C30: Опубликовано | D30: Jpg | E30: Лишняя папка в архиве. | F30: =IF(C30=$C$5,1,0) -> 1 | G30: 0.5 | J30: =F30*(1-H30)*(1-I30)*(1-G30) -> 0.5 | K30: http://gornyi.sarmo.ru/index.php?option=com_content&view=article&id=1013:2014-04-02-05-58-02&catid=34:%D0%9E%D1%81%D0%BD%D0%BE%D0%B2%D0%BD%D0%B0%D1%8F%20%D0%BA%D0%B0%D1%82%D0%B5%D0%B3%D0%BE%D1%80%D0%B8%D1%8F | L30: В документе отсутствует дата подписания.
A31: 23 | B31: Лысогорский | C31: Опубликовано | D31: Word | F31: =IF(C31=$C$5,1,0) -> 1 | G31: 0.5 | J31: =F31*(1-H31)*(1-I31)*(1-G31) -> 0.5 | K31: http://adm.lysyegory.ru/base/2477-zaklyuchenie-kontrolno-schetnogo-organa-municipalnogo-raiona-na-godovoi-otchet-ob-ispolnenii-byudzheta-za-2015-god.html | L31: В документе отсутствует подпись должностного лица, дата подписания. Не соблюден формат размещения официального документа.
A32: 24 | B32: Марксовский | C32: Опубликовано | D32: PDF | F32: =IF(C32=$C$5,1,0) -> 1 | J32: =F32*(1-H32)*(1-I32)*(1-G32) -> 1 | K32: http://marksadm.ru/icp-b.html
A33: 25 | B33: Новобурасский | C33: Опубликовано | D33: Word | E33: По предоставленной ссылке отсутствует возможность отследить размещение документа на сайте. | F33: =IF(C33=$C$5,1,0) -> 1 | G33: 0.5 | H33: 0.5 | J33: =F33*(1-H33)*(1-I33)*(1-G33) -> 0.25 | K33: http://www.admnburasy.ru/docs/ksk/zak/nmr.rar | L33: В документе отсутствует подпись должностного лица. Не соблюден формат размещения официального документа.Обратите внимание: в следующий раз присылать конкретную ссылку на страницу, где находится документ.
A34: 26 | B34: Новоузенский | C34: Не опубликовано или не отвечает требованиям | F34: =IF(C34=$C$5,1,0) -> 0 | J34: =F34*(1-H34)*(1-I34)*(1-G34) -> 0 | K34: http://www.novouzensk.ru/the-control-and-audit-commission/ | L34: Заключение отсутствует. Есть ссылки для перехода на план работы КСК, на отчеты. Однако первая - переводит на категории мун.услуг, вторая - не активна и переводит на раздел «карта сайта».
A35: 27 | B35: Озинский | C35: Опубликовано | D35: Jpg | E35: Лишняя папка в архиве | F35: =IF(C35=$C$5,1,0) -> 1 | J35: =F35*(1-H35)*(1-I35)*(1-G35) -> 1 | K35: http://ozinki.sarmo.ru/byudzhet/byudzhet-munitsipalnogo-rayona.php | L35: Раздел не структурирован по годам.
A36: 28 | B36: Перелюбский | C36: Не опубликовано или не отвечает требованиям | F36: =IF(C36=$C$5,1,0) -> 0 | J36: =F36*(1-H36)*(1-I36)*(1-G36) -> 0
A37: 29 | B37: Петровский | C37: Опубликовано | D37: PDF | F37: =IF(C37=$C$5,1,0) -> 1 | J37: =F37*(1-H37)*(1-I37)*(1-G37) -> 1 | K37: http://petrovsk64.ru/sub-org/fin-upr/dokumenty/informaciya-ksk/ | L37: В документе отсутствует подпись должностного лица.
A38: 30 | B38: Питерский | C38: Не опубликовано или не отвечает требованиям | F38: =IF(C38=$C$5,1,0) -> 0 | J38: =F38*(1-H38)*(1-I38)*(1-G38) -> 0 | L38: Ссылка не предоставлена, на сайте информация не найдена.
A39: 31 | B39: Пугачевский | C39: Не опубликовано или не отвечает требованиям | F39: =IF(C39=$C$5,1,0) -> 0 | J39: =F39*(1-H39)*(1-I39)*(1-G39) -> 0 | L39: На сайте информация не опубликована.
A40: 32 | B40: Ровенский | C40: Опубликовано | D40: Word | F40: =IF(C40=$C$5,1,0) -> 1 | G40: 0.5 | J40: =F40*(1-H40)*(1-I40)*(1-G40) -> 0.5 | K40: http://rovnoe.sarmo.ru/sobranie-amr/publichnye-slushaniya/ | L40: В документе отсутствует подпись должностного лица. Не соблюден формат размещения официального документа.
A41: 33 | B41: Романовский | C41: Опубликовано | D41: PDF | F41: =IF(C41=$C$5,1,0) -> 1 | J41: =F41*(1-H41)*(1-I41)*(1-G41) -> 1 | K41: http://romanovka.sarmo.ru/byudzhet-dlya-grazhdan/byudzhet-romanovskogo-munitsipalnogo-rayona/godovoy-otchet/zaklyuchenie-kontrolno-schetnogo-organa/
A42: 34 | B42: Ртищевский | C42: Опубликовано | D42: Jpg | E42: Находится в разделе «Информация об исполнении бюджета муниципального района за 2016 год», а не «за 2015 год» | F42: =IF(C42=$C$5,1,0) -> 1 | H42: 0.5 | J42: =F42*(1-H42)*(1-I42)*(1-G42) -> 0.5 | K42: http://rtishevo.sarmo.ru/finansovyy-organ/rtishchevskiy-munitsipalnyy-rayon/2016-god/informatsiya-ob-ispolnenii-byudzheta-munitsipalnogo-rayona.php | L42: Не предусмотрена возможность скачать документ.
A43: 35 | B43: Самойловский | C43: Опубликовано | D43: Word | F43: =IF(C43=$C$5,1,0) -> 1 | G43: 0.5 | J43: =F43*(1-H43)*(1-I43)*(1-G43) -> 0.5 | K43: http://sam64.ru/index.php?option=com_content&view=article&id=737&Itemid=254 | L43: В документе отсутствует подпись должностного лица. Не соблюден формат размещения официального документа. Обратите внимание: в следующий раз присылать конкретную ссылку на страницу, где находится документ(много лишних ссылок).
A44: 36 | B44: Саратовский | C44: Опубликовано | D44: Web | F44: =IF(C44=$C$5,1,0) -> 1 | G44: 0.5 | J44: =F44*(1-H44)*(1-I44)*(1-G44) -> 0.5 | K44: http://saratov.sarmo.ru/index.php?option=com_content&view=article&id=4751:2016-05-25-08-35-19&catid=161:2015-08-06-12-41-33&Itemid=451 | L44: В документе отсутствует подпись должностного лица. Не соблюден формат размещения официального документа. Не предусмотрена возможность скачать документ. Для оценки прислали экспертные заключения на решения о внесении изменений в бюджет 2016 года.Обратите внимание: в следующий раз присылать конкретную ссылку на страницу, где находится документ (предоставлена ссылка - сразу на документ, не на страницу, где он находится на сайте).
A45: 37 | B45: Советский | C45: Опубликовано | D45: Word | E45: 6 кликов до документа | F45: =IF(C45=$C$5,1,0) -> 1 | G45: 0.5 | H45: 0.5 | J45: =F45*(1-H45)*(1-I45)*(1-G45) -> 0.25 | K45: http://stepnoeadm.ru/?page_id=54 | L45: В документе отсутствует подпись должностного лица и дата документа. Не соблюден формат размещения официального документа.
A46: 38 | B46: Татищевский | C46: Опубликовано | D46: PDF | F46: =IF(C46=$C$5,1,0) -> 1 | J46: =F46*(1-H46)*(1-I46)*(1-G46) -> 1 | K46: http://tatishevo.saratov.gov.ru/index.php?option=com_content&view=article&id=3040:2016-06-30-08-54-19&catid=64:2009-12-20-17-44-19&Itemid=91 | L46: Обратите внимание: в следующий раз присылать конкретную ссылку на страницу, где находится документ (предоставлена ссылка - сразу на документ, не на страницу, где он находится на сайте).
A47: 39 | B47: Турковский | C47: Не опубликовано или не отвечает требованиям | F47: =IF(C47=$C$5,1,0) -> 0 | J47: =F47*(1-H47)*(1-I47)*(1-G47) -> 0 | L47: На сайте информация не опубликована.
A48: 40 | B48: Федоровский | C48: Опубликовано | D48: PDF | E48: Раздел называется «контроль», хотя с главной страницы переход через раздел «бюджет». | F48: =IF(C48=$C$5,1,0) -> 1 | H48: 0.5 | J48: =F48*(1-H48)*(1-I48)*(1-G48) -> 0.5 | K48: mokrous.fedrayon.ru ; http://mokrous.fedrayon.ru/index.php?option=com_content&view=article&id=291&Itemid=285 | L48: В документе отсутствует дата подписания документа. Слишком много информации на одной страниц! Раздел не структурирован.
A49: 41 | B49: Хвалынский | C49: Опубликовано | D49: Word | F49: =IF(C49=$C$5,1,0) -> 1 | G49: 0.5 | J49: =F49*(1-H49)*(1-I49)*(1-G49) -> 0.5 | K49: http://hvalynsk.sarmo.ru/administratsiya-khvalynskogo-munitsipalnogo-rayona/byudzhet/ | L49: В документе отсутствует подпись должностного лица и дата документа. Не соблюден формат размещения официального документа. Раздел не структурирован.
A50: 42 | B50: Энгельсский | C50: Не опубликовано или не отвечает требованиям | F50: =IF(C50=$C$5,1,0) -> 0 | J50: =F50*(1-H50)*(1-I50)*(1-G50) -> 0 | K50: http://www.engels-city.ru/depsraion/17062 | L50: В целях оценки показателя учитывается заключения контрольно-счетного органа муниципального образования на годовой отчет об исполнении бюджета муниципального образования за отчетный финансовый год , подписанный уполномоченным должностным лицом. По предоставленной ссылке находятся годовые отчеты о деятельности контрольно-счетного органа муниципального образования.

Sheet Показатель 4.1
A1: 4.1. Информационное сообщение для граждан о проведении публичных слушаний по годовому отчету об исполнении бюджета муниципального образования за отчетный финансовый год на портале (сайте)
A2: Комментарий:
A3: ='Методика II этап'!B23 -> В составе информационных сообщений о проведении публичных слушаний в обязательном порядке должны быть указаны дата, время, место и порядок их проведения. Если указанные сведения представлены частично, оценка показателя принимает значение 0 баллов. В случае, если в установленный срок в информационном сообщении ссылка (адрес) на раздел (страницу) портала (сайта), где опубликованы указанные материалы, отсутствует, а также если по указанной ссылке (адресу) проект решения об исполнении бюджета за отчетный год не опубликован, оценка показателя принимает значение 0 баллов. Информационное сообщение о проведении публичных слушаний по годовому отчету должно быть опубликовано не позднее, чем за пять рабочих дней до дня проведения публичных слушаний. При нарушении указанного срока применяется понижающий коэффициент за несоблюдение сроков обеспечения доступа к бюджетным данным. В случае, если в установленный срок документ не размещен, оценка показателя принимает значение 0 баллов.
A4: № п/п | B4: Наименование муниципального образования Саратовской обалсти | C4: ='Методика II этап'!B22 -> Опубликование информационного сообщения для граждан о проведении публичных слушаний по годовому отчету об исполнении бюджета за отчетный финансовый год на портале (сайте) | D4: Доступность (указать, если возникли трудности с поиском информационного сообщения, если переход осуществляется более, чем за 5 «кликов» с основной страницы портала (сайта), если название раздела не соответствует содержанию) | E4: Оценка показателя 4.1. | I4: Ссылка на источник данных | J4: Комментарии
B5: Варианты ответов | C5: ='Методика II этап'!B24 -> Опубликовано и содержит информацию о том, где можно ознакомиться с проектом решения об исполнении бюджета за отчетный год | E5: баллы | F5: понижающие коэффициенты | H5: Итого
C6: ='Методика II этап'!B25 -> Не опубликовано, или публичные слушания не проводились, или не отвечает требованиям | F6: затруднен-ный поиск | G6: несоблюде-ние сроков
B7: Городские округа
A8: 1 | B8: г. Саратов | C8: Опубликовано и содержит информацию о том, где можно ознакомиться с проектом решения об исполнении бюджета за отчетный год | D8: Размещено в разделе «Годовые отчеты к публичным слушаниям», а не в «Новости муниципального района» со ссылкой на страницу, где можно ознакомиться с проектом решения. | E8: =IF(C8=$C$5,1,0) -> 1 | F8: 0.5 | H8: =E8*(1-F8)*(1-G8) -> 0.5 | I8: http://saratovmer.ru/budget/rubrics/5/1265.html
A9: 2 | B9: ЗАТО Михайловское | C9: Не опубликовано, или публичные слушания не проводились, или не отвечает требованиям | E9: =IF(C9=$C$5,1,0) -> 0 | H9: =E9*(1-F9)*(1-G9) -> 0 | I9: http://mihailovski.ru/?mod=article&id=3371 | J9: Информационное сообщение не содержит информацию о том, где можно ознакомиться с проектом решения об исполнении бюджета за отчетный год
A10: 3 | B10: ЗАТО Светлый | C10: Не опубликовано, или публичные слушания не проводились, или не отвечает требованиям | E10: =IF(C10=$C$5,1,0) -> 0 | H10: =E10*(1-F10)*(1-G10) -> 0 | I10: http://zatosvetly.ru/about/info/news/8408/ | J10: Ссылка на проект решения имеется, но при переходе по ней документ не обнаружен.
A11: 4 | B11: ЗАТО Шиханы | C11: Не опубликовано, или публичные слушания не проводились, или не отвечает требованиям | E11: =IF(C11=$C$5,1,0) -> 0 | H11: =E11*(1-F11)*(1-G11) -> 0 | I11: http://zatoshihany.ru/index.php | J11: Ссылка не предоставлена. Информационное сообщение для граждан о проведении публичных слушаний по годовому отчету об исполнении бюджета за 2015 год на портале (сайте) в разделе «Новости муниципального района» со ссылкой на страницу, где можно ознакомиться с проектом решения, не публиковалось.
B12: Муниципальные районы
A13: 5 | B13: Александрово-Гайский | C13: Не опубликовано, или публичные слушания не проводились, или не отвечает требованиям | E13: =IF(C13=$C$5,1,0) -> 0 | H13: =E13*(1-F13)*(1-G13) -> 0 | I13: http://algay.sarmo.ru/byudzhet-ekonomika-finansy/byudzhet-dokumenty.php | J13: Информационное сообщение для граждан о проведении публичных слушаний по годовому отчету об исполнении бюджета за 2015 год на портале (сайте) в разделе «Новости муниципального района» со ссылкой на страницу, где можно ознакомиться с проектом решения, не публиковалось.
A14: 6 | B14: Аркадакский | C14: Не опубликовано, или публичные слушания не проводились, или не отвечает требованиям | E14: =IF(C14=$C$5,1,0) -> 0 | H14: =E14*(1-F14)*(1-G14) -> 0 | I14: http://arkadak.sarmo.ru/index.php?option=com_content&view=article&id=828 | J14: Информационное сообщение для граждан о проведении публичных слушаний по годовому отчету об исполнении бюджета за 2015 год на портале (сайте) в разделе «Новости муниципального района» со ссылкой на страницу, где можно ознакомиться с проектом решения, не публиковалось.
A15: 7 | B15: Аткарский | C15: Не опубликовано, или публичные слушания не проводились, или не отвечает требованиям | E15: =IF(C15=$C$5,1,0) -> 0 | H15: =E15*(1-F15)*(1-G15) -> 0 | I15: http://proatkarsk.ru/CityArticles.aspx?articleid=3641 | J15: Информационное сообщение для граждан о проведении публичных слушаний по годовому отчету об исполнении бюджета за 2015 год на портале (сайте) в разделе «Новости муниципального района» со ссылкой на страницу, где можно ознакомиться с проектом решения, не публиковалось.
A16: 8 | B16: Базарно-Карабулакский | C16: Не опубликовано, или публичные слушания не проводились, или не отвечает требованиям | E16: =IF(C16=$C$5,1,0) -> 0 | H16: =E16*(1-F16)*(1-G16) -> 0 | I16: http://bkarabulak.sarmo.ru/index.php?option=com_content&view=category&layout=blog&id=43&Itemid=169 | J16: Информационное сообщение для граждан о проведении публичных слушаний по годовому отчету об исполнении бюджета за 2015 год на портале (сайте) в разделе «Новости муниципального района» со ссылкой на страницу, где можно ознакомиться с проектом решения, не публиковалось.
A17: 9 | B17: Балаковский | C17: Не опубликовано, или публичные слушания не проводились, или не отвечает требованиям | E17: =IF(C17=$C$5,1,0) -> 0 | H17: =E17*(1-F17)*(1-G17) -> 0 | I17: http://www.admbal.ru/page/publichnye-slushaniya-24-maya-2016-goda | J17: По предоставленной ссылке нет возможности отследить, когда именно было размещено сообщение. На http://www.admbal.ru/content/proidut-publichnye-slushaniya-ob-ispolnenii-raionnogo-byudzheta сообщение размещено в новостной ленте 20.05.2016 года, но нет ссылки на проект решения.
A18: 10 | B18: Балашовский | C18: Не опубликовано, или публичные слушания не проводились, или не отвечает требованиям | E18: =IF(C18=$C$5,1,0) -> 0 | H18: =E18*(1-F18)*(1-G18) -> 0 | I18: http://baladmin.ru/news/ | J18: Информационное сообщение для граждан о проведении публичных слушаний по годовому отчету об исполнении бюджета за 2015 год на портале (сайте) в разделе «Новости муниципального района» со ссылкой на страницу, где можно ознакомиться с проектом решения, не публиковалось.
A19: 11 | B19: Балтайский | C19: Не опубликовано, или публичные слушания не проводились, или не отвечает требованиям | E19: =IF(C19=$C$5,1,0) -> 0 | H19: =E19*(1-F19)*(1-G19) -> 0
A20: 12 | B20: Вольский | C20: Не опубликовано, или публичные слушания не проводились, или не отвечает требованиям | E20: =IF(C20=$C$5,1,0) -> 0 | H20: =E20*(1-F20)*(1-G20) -> 0 | J20: Не предоставлена ссылка на страницу сайта, где размещено информационное сообщение. По поисковой строке информация не найдена. На сайте существует раздел «публичные слушания» (http://вольск.рф/?page_id=4227), но информация там годовалой давности.
A21: 13 | B21: Воскресенский | C21: Не опубликовано, или публичные слушания не проводились, или не отвечает требованиям | E21: =IF(C21=$C$5,1,0) -> 0 | H21: =E21*(1-F21)*(1-G21) -> 0 | I21: http://voskresensk64.ru/meeting/mun-sobranie/documents/index.php http://moyaokruga.ru/ourlife/Articles.aspx?articleId=64363 | J21: Опубликованное по данной ссылке Решение № 60 от 18.08.2016 года о проведении публичных слушаний касается изменений вносимых в Устав МР, в частности и по бюджету, но процедурного характера. Информационное сообщение для граждан о проведении публичных слушаний по годовому отчету об исполнении бюджета за 2015 год на портале (сайте) в разделе «Новости муниципального района» со ссылкой на страницу, где можно ознакомиться с проектом решения, не публиковалось.
A22: 14 | B22: Дергачевский | C22: Не опубликовано, или публичные слушания не проводились, или не отвечает требованиям | E22: =IF(C22=$C$5,1,0) -> 0 | H22: =E22*(1-F22)*(1-G22) -> 0 | I22: http://dergachi.sarmo.ru/sobranie-dergachevskogo-munitsipalnogo-rayona/resheniya-sobraniya-dergachevskogo-munitsipalnogo-rayona/ | J22: По указанному адресу размещена ссылка на РЕШЕНИЕ № 207-2694 «О проведении Публичных слушаний по проекту бюджет Дергачевского муниципального района на 2015 год», при переходе на которую выдается «карта сайта». Информационное сообщение для граждан о проведении публичных слушаний по годовому отчету об исполнении бюджета за 2015 год на портале (сайте) в разделе «Новости муниципального района» со ссылкой на страницу, где можно ознакомиться с проектом решения, не публиковалось.
A23: 15 | B23: Духовницкий | C23: Не опубликовано, или публичные слушания не проводились, или не отвечает требованиям | E23: =IF(C23=$C$5,1,0) -> 0 | H23: =E23*(1-F23)*(1-G23) -> 0 | J23: На сайте информация не опубликована.
A24: 16 | B24: Екатериновский | C24: Не опубликовано, или публичные слушания не проводились, или не отвечает требованиям | E24: =IF(C24=$C$5,1,0) -> 0 | H24: =E24*(1-F24)*(1-G24) -> 0 | I24: http://ekaterinovka.sarmo.ru/rayonnoe-sobranie/2016rs.php | J24: По указанному адресу размещена ссылка на решение от 08.04.2016г. № 66-396 «О назначении публичных слушаний по проекту отчета об исполнении бюджета Екатериновского муниципального района за 2015 год». Информационное сообщение для граждан о проведении публичных слушаний по годовому отчету об исполнении бюджета за 2015 год на портале (сайте) в разделе «Новости муниципального района» со ссылкой на страницу, где можно ознакомиться с проектом решения, не публиковалось.
A25: 17 | B25: Ершовский | C25: Не опубликовано, или публичные слушания не проводились, или не отвечает требованиям | E25: =IF(C25=$C$5,1,0) -> 0 | H25: =E25*(1-F25)*(1-G25) -> 0 | I25: http://ershov.sarmo.ru/raion-sobr/resheniya/ | J25: По указанному адресу размещена ссылка на решение от 28.04.2016 г. № 39-227 «О назначении публичных слушаний по проекту решения районного Собрания «Об утверждении отчета об исполнении бюджета Ершовского муниципального района за 2015 год». Информационное сообщение для граждан о проведении публичных слушаний по годовому отчету об исполнении бюджета за 2015 год на портале (сайте) в разделе «Новости муниципального района» со ссылкой на страницу, где можно ознакомиться с проектом решения, не публиковалось.
A26: 18 | B26: Ивантеевский | C26: Опубликовано и содержит информацию о том, где можно ознакомиться с проектом решения об исполнении бюджета за отчетный год | E26: =IF(C26=$C$5,1,0) -> 1 | H26: =E26*(1-F26)*(1-G26) -> 1 | I26: http://ivanteevka.sarmo.ru/byudzhet-dlya-grazhdan/obshchestvennoe-uchastie/publichnye-slushaniya-po-proektu-resheniya-ob-ispolnenii-byudzheta-za-2015-god/
A27: 19 | B27: Калининский | C27: Не опубликовано, или публичные слушания не проводились, или не отвечает требованиям | E27: =IF(C27=$C$5,1,0) -> 0 | H27: =E27*(1-F27)*(1-G27) -> 0 | I27: http://kalininsk.sarmo.ru/predstavitelnyy-organ-munitsipalnogo-rayona/dokumenty-normativnye-akty/ | J27: По указанному адресу размещена ссылка на постановление от 26.04.2016г. №1 «О назначении публичных слушаний». Информационное сообщение для граждан о проведении публичных слушаний по годовому отчету об исполнении бюджета за 2015 год на портале (сайте) в разделе «Новости муниципального района» со ссылкой на страницу, где можно ознакомиться с проектом решения, не публиковалось.
A28: 20 | B28: Красноармейский | C28: Не опубликовано, или публичные слушания не проводились, или не отвечает требованиям | E28: =IF(C28=$C$5,1,0) -> 0 | H28: =E28*(1-F28)*(1-G28) -> 0 | I28: http://krasnoarmeysk.sarmo.ru/krasnoarmeyskiy-rayon/byudzhet/byudzhet-dlya-grazhdan/ | J28: По указанному адресу размещена ссылка на постановление от 22.03.2016 № 02-п «О проведении публичных слушаний». Информационное сообщение для граждан о проведении публичных слушаний по годовому отчету об исполнении бюджета за 2015 год на портале (сайте) в разделе «Новости муниципального района» со ссылкой на страницу, где можно ознакомиться с проектом решения, не публиковалось.
A29: 21 | B29: Краснокутский | C29: Не опубликовано, или публичные слушания не проводились, или не отвечает требованиям | E29: =IF(C29=$C$5,1,0) -> 0 | H29: =E29*(1-F29)*(1-G29) -> 0 | J29: На сайте информация отсутствует, в разделе «Газета в электронном виде» только выпуски 2015 года. На сайте газеты «Краснокутские Вести»(http://moyaokruga.ru/kraskut/?topcategoryid=12&categoryid=136) информация не найдена. Предпочтительно размещать в разделе «Новости муниципального района» со ссылкой на страницу, где можно ознакомиться с проектом решения.
A30: 22 | B30: Краснопартизанский | C30: Не опубликовано, или публичные слушания не проводились, или не отвечает требованиям | E30: =IF(C30=$C$5,1,0) -> 0 | H30: =E30*(1-F30)*(1-G30) -> 0 | I30: http://gornyi.sarmo.ru/index.php?option=com_content&view=article&id=2670:2016-09-27-06-59-52&catid=34:%D0%9E%D1%81%D0%BD%D0%BE%D0%B2%D0%BD%D0%B0%D1%8F%20%D0%BA%D0%B0%D1%82%D0%B5%D0%B3%D0%BE%D1%80%D0%B8%D1%8F | J30: На предоставленной ссылке находится информационное сообщение в файле ворд, но нет возможности отследить, как пользователю попасть в этот раздел. Информационное сообщение для граждан о проведении публичных слушаний по годовому отчету об исполнении бюджета за 2015 год на портале (сайте) в разделе «Новости муниципального района» со ссылкой на страницу, где можно ознакомиться с проектом решения, не публиковалось.
A31: 23 | B31: Лысогорский | C31: Опубликовано и содержит информацию о том, где можно ознакомиться с проектом решения об исполнении бюджета за отчетный год | E31: =IF(C31=$C$5,1,0) -> 1 | H31: =E31*(1-F31)*(1-G31) -> 1 | I31: http://adm.lysyegory.ru/base/novosti/publichnye-slushanija | J31: Информационное сообщение не содержит информацию о порядке проведения публичных слушаний и о том, где можно ознакомиться с проектом решения об исполнении бюджета за отчетный год.
A32: 24 | B32: Марксовский | C32: Опубликовано и содержит информацию о том, где можно ознакомиться с проектом решения об исполнении бюджета за отчетный год | D32: Нет возможности отследить, как пользователю попасть в этот раздел, через поисковую строку новость не находит. | E32: =IF(C32=$C$5,1,0) -> 1 | F32: 0.5 | H32: =E32*(1-F32)*(1-G32) -> 0.5 | I32: http://marksadm.ru/ps-sl.html
A33: 25 | B33: Новобурасский | C33: Не опубликовано, или публичные слушания не проводились, или не отвечает требованиям | E33: =IF(C33=$C$5,1,0) -> 0 | H33: =E33*(1-F33)*(1-G33) -> 0
A34: 26 | B34: Новоузенский | C34: Не опубликовано, или публичные слушания не проводились, или не отвечает требованиям | E34: =IF(C34=$C$5,1,0) -> 0 | H34: =E34*(1-F34)*(1-G34) -> 0 | I34: http://www.novouzensk.ru/sobranie/sobr/akty/ | J34: На предоставленной ссылке решения Собрания НМР. Информационное сообщение для граждан о проведении публичных слушаний по годовому отчету об исполнении бюджета за 2015 год на портале (сайте) в разделе «Новости муниципального района» со ссылкой на страницу, где можно ознакомиться с проектом решения, не публиковалось.
A35: 27 | B35: Озинский | C35: Не опубликовано, или публичные слушания не проводились, или не отвечает требованиям | D35: В разделе «Бюджет муниципального района» | E35: =IF(C35=$C$5,1,0) -> 0 | F35: 0.5 | H35: =E35*(1-F35)*(1-G35) -> 0 | I35: http://ozinki.sarmo.ru/byudzhet/byudzhet-munitsipalnogo-rayona.php | J35: На предоставленной ссылке находится информационное сообщение в файле ворд. Информационное сообщение для граждан о проведении публичных слушаний по годовому отчету об исполнении бюджета за 2015 год на портале (сайте) в разделе «Новости муниципального района» со ссылкой на страницу, где можно ознакомиться с проектом решения, не публиковалось.
A36: 28 | B36: Перелюбский | C36: Не опубликовано, или публичные слушания не проводились, или не отвечает требованиям | E36: =IF(C36=$C$5,1,0) -> 0 | H36: =E36*(1-F36)*(1-G36) -> 0 | J36: На сайте информация не опубликована.
A37: 29 | B37: Петровский | C37: Не опубликовано, или публичные слушания не проводились, или не отвечает требованиям | E37: =IF(C37=$C$5,1,0) -> 0 | H37: =E37*(1-F37)*(1-G37) -> 0 | I37: http://petrovsk64.ru/upload/iblock/a56/a562bf7b8d8645ed370b99f0e2927724.pdf | J37: По указанному ссылке открывается решение от 28.04.2016г. № 77-432 «О проекте решения Петровского районного собрания «О годовом отчете об исполнении бюджета Петровского муниципального района за 2015 год». Информационное сообщение для граждан о проведении публичных слушаний по годовому отчету об исполнении бюджета за 2015 год на портале (сайте) в разделе «Новости муниципального района» со ссылкой на страницу, где можно ознакомиться с проектом решения, не публиковалось. Обратите внимание: в следующий раз присылать конкретную ссылку на страницу, где находится документ.
A38: 30 | B38: Питерский | C38: Не опубликовано, или публичные слушания не проводились, или не отвечает требованиям | E38: =IF(C38=$C$5,1,0) -> 0 | H38: =E38*(1-F38)*(1-G38) -> 0 | I38: http://piterka.sarmo.ru/byudzhet-piterskogo-mr/byudzhet-dlya-grazhdan/ | J38: Информационное сообщение для граждан о проведении публичных слушаний по годовому отчету об исполнении бюджета за 2015 год на портале (сайте) в разделе «Новости муниципального района» со ссылкой на страницу, где можно ознакомиться с проектом решения, не публиковалось. Обратите внимание: в следующий раз присылать конкретную ссылку на страницу, где находится документ.
A39: 31 | B39: Пугачевский | C39: Опубликовано и содержит информацию о том, где можно ознакомиться с проектом решения об исполнении бюджета за отчетный год | E39: =IF(C39=$C$5,1,0) -> 1 | H39: =E39*(1-F39)*(1-G39) -> 1 | I39: http://pugachev-adm.ru/19-aprelya-v-administratsii-pugachevskogo-munitsipalnogo-rayona-sostoyatsya-publichnyie-slushaniya.html#more-15685
A40: 32 | B40: Ровенский | C40: Не опубликовано, или публичные слушания не проводились, или не отвечает требованиям | E40: =IF(C40=$C$5,1,0) -> 0 | H40: =E40*(1-F40)*(1-G40) -> 0 | I40: http://rovnoe.sarmo.ru/upload/medialibrary/261/2614a855bf226f2d33962b9e14475914.zip | J40: По указанному ссылке открывается архив, в составе которого постановление от 04.04.2016 года № 1 «О вынесении на публичные слушания годового отчета об исполнении бюджета Ровенского муниципального района за 2015 год». Информационное сообщение для граждан о проведении публичных слушаний по годовому отчету об исполнении бюджета за 2015 год на портале (сайте) в разделе «Новости муниципального района» со ссылкой на страницу, где можно ознакомиться с проектом решения, не публиковалось. Обратите внимание: в следующий раз присылать конкретную ссылку на страницу, где находится документ.
A41: 33 | B41: Романовский | C41: Не опубликовано, или публичные слушания не проводились, или не отвечает требованиям | D41: Раздел «Общественное участие» | E41: =IF(C41=$C$5,1,0) -> 0 | F41: 0.5 | H41: =E41*(1-F41)*(1-G41) -> 0 | I41: http://romanovka.sarmo.ru/byudzhet-dlya-grazhdan/byudzhet-romanovskogo-munitsipalnogo-rayona/godovoy-otchet/obshchestvennoe-uchastie/ | J41: Под сообщением в разделе «Общественное участие» опубликовано решение Муниципального Собрания Романовского муниципального района Саратовской области второго созыва №322 от 25.03.2016 «О проекте отчета об исполнении бюджета Романовского муниципального района за 2015 год», оно не нужно, нужен сам проект отчета. Информационное сообщение для граждан о проведении публичных слушаний по годовому отчету об исполнении бюджета за 2015 год на портале (сайте) в разделе «Новости муниципального района» со ссылкой на страницу, где можно ознакомиться с проектом решения, не публиковалось.
A42: 34 | B42: Ртищевский | C42: Не опубликовано, или публичные слушания не проводились, или не отвечает требованиям | E42: =IF(C42=$C$5,1,0) -> 0 | H42: =E42*(1-F42)*(1-G42) -> 0 | I42: http://rtishevo.sarmo.ru/finansovyy-organ/rtishchevskiy-munitsipalnyy-rayon/2016-god/informatsiya-ob-ispolnenii-byudzheta-munitsipalnogo-rayona.php | J42: По указанному адресу размещена ссылка на решение от 18.03.2016г. № 4-20 «О проекте решения Собрания депутатов Ртищевского муниципального района «Об утверждении отчета об исполнении бюджета Ртищевского муниципального района за 2015 год». Информационное сообщение для граждан о проведении публичных слушаний по годовому отчету об исполнении бюджета за 2015 год на портале (сайте) в разделе «Новости муниципального района» со ссылкой на страницу, где можно ознакомиться с проектом решения, не публиковалось.
A43: 35 | B43: Самойловский | C43: Не опубликовано, или публичные слушания не проводились, или не отвечает требованиям | E43: =IF(C43=$C$5,1,0) -> 0 | H43: =E43*(1-F43)*(1-G43) -> 0 | I43: http://sam64.ru/images/doc/mun_sobr/post_17_2016.doc | J43: Информационное сообщение для граждан о проведении публичных слушаний по годовому отчету об исполнении бюджета за 2015 год на портале (сайте) в разделе «Новости муниципального района» со ссылкой на страницу, где можно ознакомиться с проектом решения, не публиковалось.
A44: 36 | B44: Саратовский | C44: Не опубликовано, или публичные слушания не проводились, или не отвечает требованиям | E44: =IF(C44=$C$5,1,0) -> 0 | H44: =E44*(1-F44)*(1-G44) -> 0 | I44: http://saratov.sarmo.ru/index.php?option=com_content&view=article&id=5100&Itemid=530 | J44: В разделе «Публичные слушания» представлены решения Собрания депутатов Саратовского муниципального района о назначениях публичных слушаний. Информационное сообщение для граждан о проведении публичных слушаний по годовому отчету об исполнении бюджета за 2015 год на портале (сайте) в разделе «Новости муниципального района» со ссылкой на страницу, где можно ознакомиться с проектом решения, не публиковалось. Обратите внимание: в следующий раз присылать конкретную ссылку на страницу, где находится документ (предоставлена ссылка - сразу на документ, не на страницу, где он находится на сайте). Перепутаны ссылки по пунктам 4.1 и 4.2.
A45: 37 | B45: Советский | C45: Не опубликовано, или публичные слушания не проводились, или не отвечает требованиям | E45: =IF(C45=$C$5,1,0) -> 0 | H45: =E45*(1-F45)*(1-G45) -> 0 | I45: http://stepnoeadm.ru/?page_id=44 | J45: Информационное сообщение для граждан о проведении публичных слушаний по годовому отчету об исполнении бюджета за 2015 год на портале (сайте) в разделе «Новости муниципального района» со ссылкой на страницу, где можно ознакомиться с проектом решения, не публиковалось.
A46: 38 | B46: Татищевский | C46: Опубликовано и содержит информацию о том, где можно ознакомиться с проектом решения об исполнении бюджета за отчетный год | E46: =IF(C46=$C$5,1,0) -> 1 | H46: =E46*(1-F46)*(1-G46) -> 1 | I46: http://tatishevo.saratov.gov.ru/index.php?option=com_content&view=article&id=3184:-l-2015-r&catid=64:2009-12-20-17-44-19&Itemid=91
A47: 39 | B47: Турковский | C47: Не опубликовано, или публичные слушания не проводились, или не отвечает требованиям | E47: =IF(C47=$C$5,1,0) -> 0 | H47: =E47*(1-F47)*(1-G47) -> 0 | I47: http://turki.sarmo.ru/sobranie-deputatov-turkovskogo-munitsipalnogo-rayona/dokumenty/publichnye-slushaniya/ | J47: Информационное сообщение для граждан о проведении публичных слушаний по годовому отчету об исполнении бюджета за 2015 год на портале (сайте) в разделе «Новости муниципального района» со ссылкой на страницу, где можно ознакомиться с проектом решения, не публиковалось.
A48: 40 | B48: Федоровский | C48: Не опубликовано, или публичные слушания не проводились, или не отвечает требованиям | D48: Раздел называется «контроль», хотя с главной страницы переход через раздел «бюджет». | E48: =IF(C48=$C$5,1,0) -> 0 | F48: 0.5 | H48: =E48*(1-F48)*(1-G48) -> 0 | I48: mokrous.fedrayon.ru ; http://mokrous.fedrayon.ru/index.php?option=com_content&view=article&id=291&Itemid=285 | J48: Информационное сообщение для граждан о проведении публичных слушаний по годовому отчету об исполнении бюджета за 2015 год на портале (сайте) в разделе «Новости муниципального района» со ссылкой на страницу, где можно ознакомиться с проектом решения, не публиковалось. Слишком много информации на одной страниц! Раздел не структурирован.
A49: 41 | B49: Хвалынский | C49: Не опубликовано, или публичные слушания не проводились, или не отвечает требованиям | E49: =IF(C49=$C$5,1,0) -> 0 | H49: =E49*(1-F49)*(1-G49) -> 0 | I49: http://hvalynsk.sarmo.ru/obyavleniya/ | J49: Информационное сообщение не содержит информацию о том, где можно ознакомиться с проектом решения об исполнении бюджета за отчетный год
A50: 42 | B50: Энгельсский | C50: Не опубликовано, или публичные слушания не проводились, или не отвечает требованиям | E50: =IF(C50=$C$5,1,0) -> 0 | H50: =E50*(1-F50)*(1-G50) -> 0 | I50: http://www.engels-city.ru/pbslsdemr | J50: По предоставленной ссылке находится постановление «О вынесении на публичные слушания проекта годового отчета об исполнении бюджета Энгельсского муниципального района за 2015 год». Информационное сообщение для граждан о проведении публичных слушаний по годовому отчету об исполнении бюджета за 2015 год на портале (сайте) в разделе «Новости муниципального района» со ссылкой на страницу, где можно ознакомиться с проектом решения, не публиковалось.

Sheet Показатель 4.2
A1: 4.2. Проведение публичных слушаний по годовому отчету об исполнении бюджета муниципального образования за отчетный финансовый год
A2: Комментарий:
A3: ='Методика II этап'!B27 -> В целях оценки показателя учитывается официальный документ (решение/протокол), принятый по итогам публичных слушаний или общественного обсуждения и подписанный уполномоченным должностным лицом. Указанный документ должен быть опубликован не позднее 10 рабочих дней после проведения публичных слушаний и сохраняться не менее трех лет. При нарушении указанного срока применяется понижающий коэффициент за несоблюдение сроков обеспечения доступа к бюджетным данным. В случае, если в установленный срок документ не размещен, оценка показателя принимает значение 0 баллов.
A4: № п/п | B4: Вопрос | C4: ='Методика II этап'!B26 -> Проведение публичных слушаний по годовому отчету об исполнении бюджета муниципального образования за отчетный финансовый год и опубликование в составе материалов к проекту решения об исполнении бюджета муниципального образования за отчетный финансовый год итогового документа (решения/протокола), принятого по результатам публичных слушаний, на портале (сайте) | D4: Формат | E4: Доступность (указать, если возникли трудности с поиском документа, если переход осуществляется более, чем за 5 «кликов» с основной страницы портала (сайта), если название раздела не соответствует содержанию) | F4: Оценка показателя 4.2 | K4: Ссылка на источник данных | L4: Комментарии
B5: Варианты ответов | C5: ='Методика II этап'!B28 -> Публичные слушания проводились, и в составе материалов к проекту решения об исполнении бюджета муниципального образования за отчетный финансовый год опубликован итоговый документ (решение/протокол), принятый по результатам публичных слушаний | D5: Word, Excel, PDF | F5: баллы | G5: понижающие коэффициенты | J5: Итого
C6: ='Методика II этап'!B29 -> Публичные слушания не проводились, или не опубликован итоговый документ (решение/протокол), принятый по результатам публичных слушаний | G6: графический формат | H6: затруднен-ный поиск | I6: несоблюде-ние сроков
B7: Городские округа
A8: 1 | B8: г. Саратов | C8: Публичные слушания проводились, и в составе материалов к проекту решения об исполнении бюджета муниципального образования за отчетный финансовый год опубликован итоговый документ (решение/протокол), принятый по результатам публичных слушаний | D8: PDF | F8: =IF(C8=$C$5,1,0) -> 1 | J8: =F8*(1-G8)*(1-H8)*(1-I8) -> 1 | K8: http://saratovmer.ru/budget/rubrics/5/1265.html
A9: 2 | B9: ЗАТО Михайловское | C9: Публичные слушания не проводились, или не опубликован итоговый документ (решение/протокол), принятый по результатам публичных слушаний | F9: =IF(C9=$C$5,1,0) -> 0 | J9: =F9*(1-G9)*(1-H9)*(1-I9) -> 0 | K9: http://mihailovski.ru/?mod=article&id=3372 | L9: Не опубликован итоговый документ (решение/протокол), принятый по результатам публичных слушаний
A10: 3 | B10: ЗАТО Светлый | C10: Публичные слушания проводились, и в составе материалов к проекту решения об исполнении бюджета муниципального образования за отчетный финансовый год опубликован итоговый документ (решение/протокол), принятый по результатам публичных слушаний | D10: Web | E10: Опубликован не в составе материалов к проекту решения об исполнении бюджета муниципального образования за отчетный финансовый год | F10: =IF(C10=$C$5,1,0) -> 1 | G10: 0.5 | H10: 0.5 | J10: =F10*(1-G10)*(1-H10)*(1-I10) -> 0.25 | K10: http://www.zatosvetly.ru/regulatory/publichnye-slushaniya-.php?ELEMENT_ID=8959 | L10: В документе отсутствует подпись должностного лица. Не соблюден формат размещения официального документа.
A11: 4 | B11: ЗАТО Шиханы | C11: Публичные слушания не проводились, или не опубликован итоговый документ (решение/протокол), принятый по результатам публичных слушаний | F11: =IF(C11=$C$5,1,0) -> 0 | J11: =F11*(1-G11)*(1-H11)*(1-I11) -> 0 | K11: http://zatoshihany.ru/sobranie/acts/ | L11: По предоставленной ссылке не обнаружен итоговый документ (решение/протокол), принятый по результатам публичных слушаний . На сайте информация не опубликована.
B12: Муниципальные районы
A13: 5 | B13: Александрово-Гайский | C13: Публичные слушания проводились, и в составе материалов к проекту решения об исполнении бюджета муниципального образования за отчетный финансовый год опубликован итоговый документ (решение/протокол), принятый по результатам публичных слушаний | D13: Word | E13: Опубликован не в составе материалов к проекту решения об исполнении бюджета муниципального образования за отчетный финансовый год | F13: =IF(C13=$C$5,1,0) -> 1 | G13: 0.5 | H13: 0.5 | J13: =F13*(1-G13)*(1-H13)*(1-I13) -> 0.25 | K13: http://algay.sarmo.ru/byudzhet-ekonomika-finansy/byudzhet-dokumenty.php | L13: В документе отсутствует подпись должностного лица. Не соблюден формат размещения официального документа. Раздел не структурирован по годам.
A14: 6 | B14: Аркадакский | C14: Публичные слушания не проводились, или не опубликован итоговый документ (решение/протокол), принятый по результатам публичных слушаний | F14: =IF(C14=$C$5,1,0) -> 0 | J14: =F14*(1-G14)*(1-H14)*(1-I14) -> 0 | K14: http://arkadak.sarmo.ru/index.php?option=com_content&view=article&id=828 | L14: По предоставленной ссылке не обнаружен итоговый документ (решение/протокол), принятый по результатам публичных слушаний . На сайте информация не опубликована.
A15: 7 | B15: Аткарский | C15: Публичные слушания проводились, и в составе материалов к проекту решения об исполнении бюджета муниципального образования за отчетный финансовый год опубликован итоговый документ (решение/протокол), принятый по результатам публичных слушаний | D15: Word | E15: Опубликован не в составе материалов к проекту решения об исполнении бюджета муниципального образования за отчетный финансовый год | F15: =IF(C15=$C$5,1,0) -> 1 | G15: 0.5 | H15: 0.5 | J15: =F15*(1-G15)*(1-H15)*(1-I15) -> 0.25 | K15: http://proatkarsk.ru/CityArticles.aspx?articleid=3641 | L15: В документе отсутствует подпись должностного лица. Не соблюден формат размещения официального документа.
A16: 8 | B16: Базарно-Карабулакский | C16: Публичные слушания проводились, и в составе материалов к проекту решения об исполнении бюджета муниципального образования за отчетный финансовый год опубликован итоговый документ (решение/протокол), принятый по результатам публичных слушаний | D16: PDF | E16: 6 кликов до документа, лишняя папка в архиве | F16: =IF(C16=$C$5,1,0) -> 1 | G16: 0.5 | H16: 0.5 | J16: =F16*(1-G16)*(1-H16)*(1-I16) -> 0.25 | K16: http://bkarabulak.sarmo.ru/index.php?option=com_content&view=article&id=5687&Itemid=328 | L16: В документе отсутствует подпись должностного лица.
A17: 9 | B17: Балаковский | C17: Публичные слушания не проводились, или не опубликован итоговый документ (решение/протокол), принятый по результатам публичных слушаний | D17: Web | E17: Опубликован не в составе материалов к проекту решения об исполнении бюджета муниципального образования за отчетный финансовый год | F17: =IF(C17=$C$5,1,0) -> 0 | G17: 0.5 | H17: 0.5 | J17: =F17*(1-G17)*(1-H17)*(1-I17) -> 0 | K17: http://www.admbal.ru/page/rekomendatsii-publichnykh-slushanii-po-voprosu-o-proekte-resheniya-sobraniya-balakovskogo-munit
A18: 10 | B18: Балашовский | C18: Публичные слушания проводились, и в составе материалов к проекту решения об исполнении бюджета муниципального образования за отчетный финансовый год опубликован итоговый документ (решение/протокол), принятый по результатам публичных слушаний | D18: Word | E18: Опубликован не в составе материалов к проекту решения об исполнении бюджета муниципального образования за отчетный финансовый год | F18: =IF(C18=$C$5,1,0) -> 1 | G18: 0.5 | H18: 0.5 | J18: =F18*(1-G18)*(1-H18)*(1-I18) -> 0.25 | K18: http://www.baladmin.ru/meeting/docs/ | L18: В документе отсутствует подпись должностного лица. Не соблюден формат размещения официального документа.
A19: 11 | B19: Балтайский | C19: Публичные слушания не проводились, или не опубликован итоговый документ (решение/протокол), принятый по результатам публичных слушаний | D19: Word | F19: =IF(C19=$C$5,1,0) -> 0 | J19: =F19*(1-G19)*(1-H19)*(1-I19) -> 0 | K19: http://adm-baltay.ru/sobranie-deputatov/normativno-pravovyie-aktyi-sobraniya-deputatov/2016-2/ | L19: Раздел не структурирован, опубликован отдельно от материалов по проекту решения об исполнении бюджета, отсутствует решение/протокол итогов проведения публ.слушаний
A20: 12 | B20: Вольский | C20: Публичные слушания не проводились, или не опубликован итоговый документ (решение/протокол), принятый по результатам публичных слушаний | F20: =IF(C20=$C$5,1,0) -> 0 | J20: =F20*(1-G20)*(1-H20)*(1-I20) -> 0 | L20: Не предоставлена ссылка на страницу сайта, где размещено информационное сообщение. По поисковой строке информация не найдена. На сайте существует раздел «публичные слушания» (http://вольск.рф/?page_id=4227), но информация там годовалой давности.
A21: 13 | B21: Воскресенский | C21: Публичные слушания не проводились, или не опубликован итоговый документ (решение/протокол), принятый по результатам публичных слушаний | F21: =IF(C21=$C$5,1,0) -> 0 | J21: =F21*(1-G21)*(1-H21)*(1-I21) -> 0 | K21: http://moyaokruga.ru/ourlife/Articles.aspx?articleId=64363 | L21: По данной ссылке опуьликована информация о том, что публичные слушания состоялись. По предоставленной ссылке не обнаружен итоговый документ (решение/протокол), принятый по результатам публичных слушаний . На сайте информация не опубликована.
A22: 14 | B22: Дергачевский | C22: Публичные слушания проводились, и в составе материалов к проекту решения об исполнении бюджета муниципального образования за отчетный финансовый год опубликован итоговый документ (решение/протокол), принятый по результатам публичных слушаний | D22: Word | E22: Опубликован не в составе материалов к проекту решения об исполнении бюджета муниципального образования за отчетный финансовый год | F22: =IF(C22=$C$5,1,0) -> 1 | G22: 0.5 | J22: =F22*(1-G22)*(1-H22)*(1-I22) -> 0.5 | K22: http://dergachi.sarmo.ru/sobranie-dergachevskogo-munitsipalnogo-rayona/resheniya-sobraniya-dergachevskogo-munitsipalnogo-rayona/ | L22: В документе отсутствует подпись должностного лица. Не соблюден формат размещения официального документа.
A23: 15 | B23: Духовницкий | C23: Публичные слушания не проводились, или не опубликован итоговый документ (решение/протокол), принятый по результатам публичных слушаний | D23: Word | F23: =IF(C23=$C$5,1,0) -> 0 | J23: =F23*(1-G23)*(1-H23)*(1-I23) -> 0 | L23: На сайте информация не опубликована.
A24: 16 | B24: Екатериновский | C24: Публичные слушания проводились, и в составе материалов к проекту решения об исполнении бюджета муниципального образования за отчетный финансовый год опубликован итоговый документ (решение/протокол), принятый по результатам публичных слушаний | D24: Word | E24: Отсутствует возможность отследить, где именно лежит документ. | F24: =IF(C24=$C$5,1,0) -> 1 | G24: 0.5 | H24: 0.5 | J24: =F24*(1-G24)*(1-H24)*(1-I24) -> 0.25 | K24: http://ekaterinovka.sarmo.ru/upload/medialibrary/dcb/dcb24a0d8d3ccf248407a577d824c0a7.doc | L24: В документе отсутствует подпись должностного лица. Не соблюден формат размещения официального документа. Обратите внимание: в следующий раз присылать конкретную ссылку на страницу, где находится документ.
A25: 17 | B25: Ершовский | C25: Публичные слушания не проводились, или не опубликован итоговый документ (решение/протокол), принятый по результатам публичных слушаний | F25: =IF(C25=$C$5,1,0) -> 0 | J25: =F25*(1-G25)*(1-H25)*(1-I25) -> 0 | K25: http://ershov.sarmo.ru/raion-sobr/resheniya/ | L25: По предоставленной ссылке не обнаружен итоговый документ (решение/протокол), принятый по результатам публичных слушаний . На сайте информация не опубликована.
A26: 18 | B26: Ивантеевский | C26: Публичные слушания проводились, и в составе материалов к проекту решения об исполнении бюджета муниципального образования за отчетный финансовый год опубликован итоговый документ (решение/протокол), принятый по результатам публичных слушаний | D26: PDF | F26: =IF(C26=$C$5,1,0) -> 1 | J26: =F26*(1-G26)*(1-H26)*(1-I26) -> 1 | K26: http://ivanteevka.sarmo.ru/byudzhet-dlya-grazhdan/obshchestvennoe-uchastie/publichnye-slushaniya-po-proektu-resheniya-ob-ispolnenii-byudzheta-za-2015-god/
A27: 19 | B27: Калининский | C27: Публичные слушания проводились, и в составе материалов к проекту решения об исполнении бюджета муниципального образования за отчетный финансовый год опубликован итоговый документ (решение/протокол), принятый по результатам публичных слушаний | D27: Word | F27: =IF(C27=$C$5,1,0) -> 1 | G27: 0.5 | J27: =F27*(1-G27)*(1-H27)*(1-I27) -> 0.5 | K27: http://kalininsk.sarmo.ru/predstavitelnyy-organ-munitsipalnogo-rayona/dokumenty-normativnye-akty/ | L27: В документе отсутствует подпись должностного лица. Не соблюден формат размещения официального документа. Раздел не структурирован.
A28: 20 | B28: Красноармейский | C28: Публичные слушания не проводились, или не опубликован итоговый документ (решение/протокол), принятый по результатам публичных слушаний | F28: =IF(C28=$C$5,1,0) -> 0 | J28: =F28*(1-G28)*(1-H28)*(1-I28) -> 0 | L28: На сайте информация не опубликована.
A29: 21 | B29: Краснокутский | C29: Публичные слушания не проводились, или не опубликован итоговый документ (решение/протокол), принятый по результатам публичных слушаний | F29: =IF(C29=$C$5,1,0) -> 0 | J29: =F29*(1-G29)*(1-H29)*(1-I29) -> 0 | L29: На сайте информация отсутствует, в разделе «Газета в электронном виде» только выпуски 2015 года. На сайте газеты «Краснокутские Вести» (http://moyaokruga.ru/kraskut/?topcategoryid=12&categoryid=136) информация не найдена.
A30: 22 | B30: Краснопартизанский | C30: Публичные слушания проводились, и в составе материалов к проекту решения об исполнении бюджета муниципального образования за отчетный финансовый год опубликован итоговый документ (решение/протокол), принятый по результатам публичных слушаний | D30: Jpg | E30: Опубликован не в составе материалов к проекту решения об исполнении бюджета муниципального образования за отчетный финансовый год | F30: =IF(C30=$C$5,1,0) -> 1 | H30: 0.5 | J30: =F30*(1-G30)*(1-H30)*(1-I30) -> 0.5 | K30: http://gornyi.sarmo.ru/index.php?option=com_content&view=article&id=2670:2016-09-27-06-59-52&catid=34:%D0%9E%D1%81%D0%BD%D0%BE%D0%B2%D0%BD%D0%B0%D1%8F%20%D0%BA%D0%B0%D1%82%D0%B5%D0%B3%D0%BE%D1%80%D0%B8%D1%8F
A31: 23 | B31: Лысогорский | C31: Публичные слушания проводились, и в составе материалов к проекту решения об исполнении бюджета муниципального образования за отчетный финансовый год опубликован итоговый документ (решение/протокол), принятый по результатам публичных слушаний | D31: Word | F31: =IF(C31=$C$5,1,0) -> 1 | G31: 0.5 | J31: =F31*(1-G31)*(1-H31)*(1-I31) -> 0.5 | K31: http://adm.lysyegory.ru/base/raion/byudzhet-municipalnogo-raiona/godovoi-otchet-ob-ispolnenii-byudzheta-mr | L31: В документе отсутствует подпись должностного лица. Не соблюден формат размещения официального документа.
A32: 24 | B32: Марксовский | C32: Публичные слушания проводились, и в составе материалов к проекту решения об исполнении бюджета муниципального образования за отчетный финансовый год опубликован итоговый документ (решение/протокол), принятый по результатам публичных слушаний | D32: BMP (JPG) | F32: =IF(C32=$C$5,1,0) -> 1 | J32: =F32*(1-G32)*(1-H32)*(1-I32) -> 1 | K32: http://marksadm.ru/ps-sl.html
A33: 25 | B33: Новобурасский | C33: Публичные слушания не проводились, или не опубликован итоговый документ (решение/протокол), принятый по результатам публичных слушаний | F33: =IF(C33=$C$5,1,0) -> 0 | J33: =F33*(1-G33)*(1-H33)*(1-I33) -> 0 | L33: На сайте информация не опубликована.
A34: 26 | B34: Новоузенский | C34: Публичные слушания не проводились, или не опубликован итоговый документ (решение/протокол), принятый по результатам публичных слушаний | F34: =IF(C34=$C$5,1,0) -> 0 | J34: =F34*(1-G34)*(1-H34)*(1-I34) -> 0 | K34: http://www.novouzensk.ru/sobranie/sobr/akty/ | L34: По предоставленной ссылке не обнаружен итоговый документ (решение/протокол), принятый по результатам публичных слушаний . На сайте информация не опубликована.
A35: 27 | B35: Озинский | C35: Публичные слушания проводились, и в составе материалов к проекту решения об исполнении бюджета муниципального образования за отчетный финансовый год опубликован итоговый документ (решение/протокол), принятый по результатам публичных слушаний | D35: Jpg | E35: Лишняя папка в архиве | F35: =IF(C35=$C$5,1,0) -> 1 | J35: =F35*(1-G35)*(1-H35)*(1-I35) -> 1 | K35: http://ozinki.sarmo.ru/byudzhet/byudzhet-munitsipalnogo-rayona.php | L35: Раздел не структурирован по годам.
A36: 28 | B36: Перелюбский | C36: Публичные слушания не проводились, или не опубликован итоговый документ (решение/протокол), принятый по результатам публичных слушаний | F36: =IF(C36=$C$5,1,0) -> 0 | J36: =F36*(1-G36)*(1-H36)*(1-I36) -> 0 | L36: На сайте информация не опубликована.
A37: 29 | B37: Петровский | C37: Публичные слушания проводились, и в составе материалов к проекту решения об исполнении бюджета муниципального образования за отчетный финансовый год опубликован итоговый документ (решение/протокол), принятый по результатам публичных слушаний | D37: PDF | E37: Опубликован не в составе материалов к проекту решения об исполнении бюджета муниципального образования за отчетный финансовый год | F37: =IF(C37=$C$5,1,0) -> 1 | G37: 0.5 | H37: 0.5 | J37: =F37*(1-G37)*(1-H37)*(1-I37) -> 0.25 | K37: http://petrovsk64.ru/sub-org/fin-upr/otkrytyy-byudzhet/obshchestvennoe-uchastie/ | L37: В документе отсутствует подпись должностного лица.
A38: 30 | B38: Питерский | C38: Публичные слушания проводились, и в составе материалов к проекту решения об исполнении бюджета муниципального образования за отчетный финансовый год опубликован итоговый документ (решение/протокол), принятый по результатам публичных слушаний | D38: Word | F38: =IF(C38=$C$5,1,0) -> 1 | G38: 0.5 | J38: =F38*(1-G38)*(1-H38)*(1-I38) -> 0.5 | K38: http://piterka.sarmo.ru/byudzhet-piterskogo-mr/byudzhet-dlya-grazhdan/ | L38: В документе отсутствует подпись должностного лица. Не соблюден формат размещения официального документа.
A39: 31 | B39: Пугачевский | C39: Публичные слушания не проводились, или не опубликован итоговый документ (решение/протокол), принятый по результатам публичных слушаний | F39: =IF(C39=$C$5,1,0) -> 0 | J39: =F39*(1-G39)*(1-H39)*(1-I39) -> 0 | L39: На сайте информация не опубликована.
A40: 32 | B40: Ровенский | C40: Публичные слушания проводились, и в составе материалов к проекту решения об исполнении бюджета муниципального образования за отчетный финансовый год опубликован итоговый документ (решение/протокол), принятый по результатам публичных слушаний | D40: Word | E40: Отсутствует возможность отследить, где именно лежит документ. | F40: =IF(C40=$C$5,1,0) -> 1 | G40: 0.5 | H40: 0.5 | J40: =F40*(1-G40)*(1-H40)*(1-I40) -> 0.25 | K40: http://rovnoe.sarmo.ru/upload/medialibrary/261/2614a855bf226f2d33962b9e14475914.zip | L40: В документе отсутствует подпись должностного лица. Не соблюден формат размещения официального документа.Обратите внимание: в следующий раз присылать конкретную ссылку на страницу, где находится документ.
A41: 33 | B41: Романовский | C41: Публичные слушания проводились, и в составе материалов к проекту решения об исполнении бюджета муниципального образования за отчетный финансовый год опубликован итоговый документ (решение/протокол), принятый по результатам публичных слушаний | D41: PDF | E41: Опубликован не в составе материалов к проекту решения об исполнении бюджета муниципального образования за отчетный финансовый год | F41: =IF(C41=$C$5,1,0) -> 1 | H41: 0.5 | J41: =F41*(1-G41)*(1-H41)*(1-I41) -> 0.5 | K41: http://romanovka.sarmo.ru/byudzhet-dlya-grazhdan/byudzhet-romanovskogo-munitsipalnogo-rayona/godovoy-otchet/obshchestvennoe-uchastie/dokument-prinyatyy-po-rezultatam-publichnykh-slushaniy.php
A42: 34 | B42: Ртищевский | C42: Публичные слушания проводились, и в составе материалов к проекту решения об исполнении бюджета муниципального образования за отчетный финансовый год опубликован итоговый документ (решение/протокол), принятый по результатам публичных слушаний | D42: Jpg | E42: Находится в разделе «Информация об исполнении бюджета муниципального района за 2016 год», а не «за 2015 год». Опубликован не в составе материалов к проекту решения об исполнении бюджета муниципального образования за отчетный финансовый год. Опубликован не в составе материалов к проекту решения об исполнении бюджета муниципального образования за отчетный финансовый год | F42: =IF(C42=$C$5,1,0) -> 1 | H42: 0.5 | J42: =F42*(1-G42)*(1-H42)*(1-I42) -> 0.5 | K42: http://rtishevo.sarmo.ru/finansovyy-organ/rtishchevskiy-munitsipalnyy-rayon/2016-god/informatsiya-ob-ispolnenii-byudzheta-munitsipalnogo-rayona.php
A43: 35 | B43: Самойловский | C43: Публичные слушания проводились, и в составе материалов к проекту решения об исполнении бюджета муниципального образования за отчетный финансовый год опубликован итоговый документ (решение/протокол), принятый по результатам публичных слушаний | D43: Jpg | F43: =IF(C43=$C$5,1,0) -> 1 | J43: =F43*(1-G43)*(1-H43)*(1-I43) -> 1 | K43: http://sam64.ru/index.php?option=com_content&view=article&id=172&Itemid=155 | L43: Обратите внимание: в следующий раз присылать конкретную ссылку на страницу, где находится документ(много лишних ссылок).
A44: 36 | B44: Саратовский | C44: Публичные слушания проводились, и в составе материалов к проекту решения об исполнении бюджета муниципального образования за отчетный финансовый год опубликован итоговый документ (решение/протокол), принятый по результатам публичных слушаний | D44: Word | E44: Опубликован не в составе материалов к проекту решения об исполнении бюджета муниципального образования за отчетный финансовый год | F44: =IF(C44=$C$5,1,0) -> 1 | G44: 0.5 | H44: 0.5 | J44: =F44*(1-G44)*(1-H44)*(1-I44) -> 0.25 | K44: http://saratov.sarmo.ru/index.php?option=com_content&view=article&id=5100&Itemid=530 | L44: В документе отсутствует подпись должностного лица. Не соблюден формат размещения официального документа. Обратите внимание: в следующий раз присылать конкретную ссылку на страницу, где находится документ (предоставлена ссылка - сразу на документ, не на страницу, где он находится на сайте). Перепутаны ссылки по пунктам 4.1 и 4.2.
A45: 37 | B45: Советский | C45: Публичные слушания проводились, и в составе материалов к проекту решения об исполнении бюджета муниципального образования за отчетный финансовый год опубликован итоговый документ (решение/протокол), принятый по результатам публичных слушаний | D45: Word | E45: Опубликован не в составе материалов к проекту решения об исполнении бюджета муниципального образования за отчетный финансовый год, 7 кликов до текста документа | F45: =IF(C45=$C$5,1,0) -> 1 | G45: 0.5 | H45: 0.5 | J45: =F45*(1-G45)*(1-H45)*(1-I45) -> 0.25 | K45: http://stepnoeadm.ru/?page_id=44 | L45: В документе отсутствует подпись должностного лица. Не соблюден формат размещения официального документа.
A46: 38 | B46: Татищевский | C46: Публичные слушания проводились, и в составе материалов к проекту решения об исполнении бюджета муниципального образования за отчетный финансовый год опубликован итоговый документ (решение/протокол), принятый по результатам публичных слушаний | D46: PDF | F46: =IF(C46=$C$5,1,0) -> 1 | J46: =F46*(1-G46)*(1-H46)*(1-I46) -> 1 | K46: http://tatishevo.saratov.gov.ru/index.php?option=com_content&view=article&id=3184:-l-2015-r&catid=64:2009-12-20-17-44-19&Itemid=91
A47: 39 | B47: Турковский | C47: Публичные слушания проводились, и в составе материалов к проекту решения об исполнении бюджета муниципального образования за отчетный финансовый год опубликован итоговый документ (решение/протокол), принятый по результатам публичных слушаний | D47: Word | E47: Опубликован не в составе материалов к проекту решения об исполнении бюджета муниципального образования за отчетный финансовый год | F47: =IF(C47=$C$5,1,0) -> 1 | G47: 0.5 | H47: 0.5 | J47: =F47*(1-G47)*(1-H47)*(1-I47) -> 0.25 | K47: http://turki.sarmo.ru/sobranie-deputatov-turkovskogo-munitsipalnogo-rayona/dokumenty/publichnye-slushaniya/ | L47: В документе отсутствует подпись должностного лица. Не соблюден формат размещения официального документа.
A48: 40 | B48: Федоровский | C48: Публичные слушания проводились, и в составе материалов к проекту решения об исполнении бюджета муниципального образования за отчетный финансовый год опубликован итоговый документ (решение/протокол), принятый по результатам публичных слушаний | D48: PDF | E48: Опубликован не в составе материалов к проекту решения об исполнении бюджета муниципального образования за отчетный финансовый год. Раздел называется «контроль», хотя с главной страницы переход через раздел «бюджет». | F48: =IF(C48=$C$5,1,0) -> 1 | H48: 0.5 | J48: =F48*(1-G48)*(1-H48)*(1-I48) -> 0.5 | K48: mokrous.fedrayon.ru ; http://mokrous.fedrayon.ru/index.php?option=com_content&view=article&id=291&Itemid=285 | L48: Слишком много информации на одной страниц! Раздел не структурирован.
A49: 41 | B49: Хвалынский | C49: Публичные слушания не проводились, или не опубликован итоговый документ (решение/протокол), принятый по результатам публичных слушаний | F49: =IF(C49=$C$5,1,0) -> 0 | J49: =F49*(1-G49)*(1-H49)*(1-I49) -> 0 | K49: http://hvalynsk.sarmo.ru/administratsiya-khvalynskogo-munitsipalnogo-rayona/byudzhet/ | L49: По предоставленной ссылке не обнаружен итоговый документ (решение/протокол), принятый по результатам публичных слушаний . На сайте информация не опубликована.
A50: 42 | B50: Энгельсский | C50: Публичные слушания проводились, и в составе материалов к проекту решения об исполнении бюджета муниципального образования за отчетный финансовый год опубликован итоговый документ (решение/протокол), принятый по результатам публичных слушаний | D50: Web | E50: Опубликован не в составе материалов к проекту решения об исполнении бюджета муниципального образования за отчетный финансовый год | F50: =IF(C50=$C$5,1,0) -> 1 | G50: 0.5 | H50: 0.5 | J50: =F50*(1-G50)*(1-H50)*(1-I50) -> 0.25 | K50: http://www.engels-city.ru/pbslsdemr/32329-zaklyuchenie-o-rezultatakh-publichnykh-slushanij-po-proektu-godovogo-otcheta-ob-ispolnenii-byudzheta-engelsskogo-munitsipalnogo-rajona-za-2015-god-ot-15-marta-2016-goda | L50: В документе отсутствует подпись должностного лица. Не соблюден формат размещения официального документа. Отсутствует возможность скачать документ.
